 Dungeon Crawl Stone Soup version 0.29-a0-322-g68df515428 (webtiles) character file.

Game seed: 13725751228653576388

1259575 Dabor the Chief of Staff (level 27, -18/202 HPs)
             Began as a Gnoll Wanderer on Apr 6, 2022.
             Was the Champion of Jiyva.
             Killed from afar by a hellion (26 damage)
             ... with damnation
             ... in Pandemonium on Apr 7, 2022.
             The game lasted 09:10:42 (118249 turns).

Dabor the Chief of Staff (Gnoll Wanderer)         Turns: 118249, Time: 09:10:43

Health: -18/202    AC: 46    Str: 24 (25) XL:     27
Magic:  5/52       EV: 28    Int: 10      God:    Jiyva [******]
Gold:   2078       SH: 20    Dex: 18      Spells: 4/76 levels left

rFire   + + +      SeeInvis +   T - +9 demon trident (protect)
rCold   + + +      Faith    .   A - +2 shield of Resistance {rF++ rC++ Will++}
rNeg    + + +      Spirit   .   a - +6 faerie dragon scales {rC+ rCorr}
rPois   ∞          Reflect  .   U - +0 helmet of a treasure trove {rPois Regen+}
rElec   +          Harm     .   f - +4 dragonskin cloak
rCorr   +          Rampage  +   L - +2 pair of gloves of Maegaxoc {rElec rC+}
Will    +++++                   X - +2 pair of boots {rampage} Stlth ******++++
                                Q - amulet of Juff {RegenMP rC+ rN+ Regen+ SInv}
HPRegen 3.63/turn               s - ring of Shadows {Umbra +Inv Stlth+}
MPRegen 1.23/turn               M - ring of wizardry

@: lich-form, weakened, under a protective aura, wreathed by umbra, studying 2
skills
A: draining attack, torment immunity, no potions, fangs 1, strong nose,
distributed training, camouflage 1, agile 2, dopey 2, fire resistance 2,
strong-willed 1, strong 2, wild magic 3, pseudopods 2
}: 13/15 runes: decaying, slimy, silver, obsidian, icy, bone, abyssal, demonic,
glowing, magical, fiery, dark, gossamer
a: End Transformation, Renounce Religion, Evoke Invisibility, Oozemancy, Slimify


You were in Pandemonium.
You worshipped Jiyva.
Jiyva was exalted by your worship.
You were an undead lich.
You visited 18 branches of the dungeon, and saw 81 of its levels.
You visited Pandemonium 5 times, and saw 34 of its levels.
You visited the Abyss 3 times.
You also visited: Trove, Ossuary, Ice Cave and Volcano.

You collected 13573 gold pieces.
You spent 11495 gold pieces at shops.

Inventory:

Hand Weapons
 b - the +8 dagger "Cikoxy" {vorpal, +Blink Str+2 Int+4}
   (You found it on level 3 of the Spider Nest)

   It inflicts extra damage upon your enemies.
   Str:       It affects your strength (+2).
   Int:       It affects your intelligence (+4).
   +Blink:    It lets you blink.
 x - a +6 eudemon blade of holy wrath
 D - the +9 fustibalus of the Solstice {flame, MP+9}
   (You bought it in a shop on level 1 of the Depths)

   Any ammunition fired from it burns those it strikes, dealing additional fire
   damage.
   MP:        It affects your magic capacity (+9).
 J - the +10 flail "With Two Names" {vorpal, Will+}
   (You bought it in a shop on level 1 of the Depths)

   It inflicts extra damage upon your enemies.
   Will:      It increases your willpower.
 T - a +9 demon trident of protection (weapon)
Missiles
 e - 3 throwing nets
 P - 8 silver javelins
Armour
 a - the +6 faerie dragon scales (worn) {rC+ rCorr}
   (You took it off the Enchantress on level 4 of the Depths)

   rC:        It protects you from cold.
   rCorr:     It protects you from acid and corrosion.
 f - the +4 dragonskin cloak (worn)
   (You took it off Tiamat on level 4 of the Realm of Zot)

   It grants the wearer a chance to resist fire, cold, poison, electricity,
   acid, and negative energy.
 o - the +4 moon troll leather armour {Spirit, Regen++ MP+5}
   (You found it on level 7 of Cocytus)

   MP:        It affects your magic capacity (+5).
   Regen:     It increases your rate of health regeneration.
 A - the +2 shield of Resistance (worn) {rF++ rC++ Will++}
   (You bought it in a shop on level 3 of the Elven Halls)

   rF:        It greatly protects you from fire.
   rC:        It greatly protects you from cold.
   Will:      It greatly increases your willpower.
 L - the +2 pair of gloves of Maegaxoc (worn) {rElec rC+}
   (You acquired it in Pandemonium)

   rC:        It protects you from cold.
   rElec:     It insulates you from electricity.
 U - the +0 helmet of a treasure trove (worn) {rPois Regen+}
   (You found it on level 6 of the Lair of Beasts)

   rPois:     It protects you from poison.
   Regen:     It increases your rate of health regeneration.
 X - a +2 pair of boots of rampaging (worn)
Jewellery
 j - the amulet "Rausk" {Faith rPois rC++ Str-3 Int+4}
   (You took it off a fire giant on level 7 of Gehenna)

   [amulet of faith]

   It allows you to gain divine favour quickly.
   Str:       It affects your strength (-3).
   Int:       It affects your intelligence (+4).
   rC:        It greatly protects you from cold.
   rPois:     It protects you from poison.
 s - the ring of Shadows (left hand) {Umbra +Inv Stlth+}
   (You bought it in a shop on level 14 of the Dungeon)

   [ring of stealth]

   It surrounds you with an aura of shadow, increasing your stealth and reducing
   the accuracy of all others within it.
   +Inv:      It lets you turn invisible.
   Stlth:     It makes you more stealthy.
 K - the ring "Ziuzalas" {rF+ Str+6}
   (You took it off a deep elf annihilator on level 3 of the Elven Halls)

   [ring of strength]

   Str:       It affects your strength (+6).
   rF:        It protects you from fire.
 M - a ring of wizardry (right hand)
 Q - the amulet of Juff (around neck) {RegenMP rC+ rN+ Regen+ SInv}
   (You found it in a treasure trove)

   [amulet of magic regeneration]

   It increases your rate of magic regeneration.
   rC:        It protects you from cold.
   rN:        It protects you from negative energy.
   SInv:      It lets you see invisible.
   Regen:     It increases your rate of health regeneration.
Wands
 c - a wand of paralysis (49)
 l - a wand of acid (3)
 H - a wand of iceblast (30)
 R - a wand of digging (12)
Scrolls
 g - 12 scrolls of immolation
 m - 12 scrolls of teleportation
 p - 9 scrolls of holy word
 q - 19 scrolls of fog
 t - 14 scrolls of fear
 y - 6 scrolls of silence
 I - 5 scrolls of torment
 S - 3 scrolls of magic mapping
 Y - a scroll of summoning
 Z - a scroll of enchant armour
Potions
 d - 2 potions of heal wounds
 i - 3 potions of haste
 n - 25 potions of curing
 u - 6 potions of resistance
 v - 7 potions of mutation
 w - 14 potions of might
 z - 11 potions of ambrosia
 E - 3 potions of berserk rage
 F - 7 potions of magic
 G - 10 potions of brilliance
 N - 17 potions of cancellation
 V - 2 potions of flight
 W - 3 potions of invisibility
Miscellaneous
 h - a condenser vane (inert)
 k - a tin of tremorstones (2/2)
 r - a box of beasts (inert)
 B - a phantom mirror
 C - the horn of Geryon
 O - a lightning rod (4/4)


   Skills:
 + Level 25.5 Fighting
 + Level 25.4 Short Blades
 + Level 25.4 Long Blades
 + Level 25.4 Axes
 + Level 25.4 Maces & Flails
 + Level 25.4 Polearms
 O Level 27 Staves
 + Level 25.4 Slings
 + Level 25.4 Bows
 + Level 25.4 Crossbows
 + Level 25.5 Throwing
 + Level 26.9 Armour
 + Level 25.4 Dodging
 + Level 25.4 Stealth
 + Level 25.4 Shields
 O Level 27 Unarmed Combat
 + Level 25.4 Spellcasting
 + Level 21.8 Conjurations
 + Level 21.8 Hexes
 + Level 21.8 Summonings
 + Level 21.8 Necromancy
 + Level 21.8 Translocations
 + Level 21.8 Transmutations
 + Level 21.8 Fire Magic
 + Level 21.8 Ice Magic
 + Level 21.8 Air Magic
 + Level 21.8 Earth Magic
 + Level 21.8 Poison Magic
 O Level 27 Invocations
 + Level 25.4 Evocations


You had 4 spell levels left.
You knew the following spells:

 Your Spells              Type           Power      Damage    Failure   Level
a - Orb of Destruction    Conj           41%        9d11      1%          7
b - Ignition              Fire           41%        3d12      4%          8
c - Necromutation         Tmut/Necr      51%        N/A       4%          8
d - Freezing Cloud        Conj/Ice/Air   41%        6-21      1%          5
e - Spellforged Servitor  Conj/Summ      41%        N/A       1%          7
f - Borgnjor's Vile Clut  Necr/Erth      51%        N/A       1%          5
g - Infestation           Necr           51%        N/A       4%          8
h - Dragon's Call         Summ           41%        N/A       32%         9
j - Enfeeble              Hex            41%        N/A       1%          7
p - Borgnjor's Revivific  Necr           51%        N/A       4%          8

Your spell library contained the following spells:

 Spells                   Type           Power      Damage    Failure   Level
 Animate Skeleton         Necr           100%       N/A       1%          1
 Beastly Appendage        Tmut           100%       N/A       1%          1
 Foxfire                  Conj/Fire      100%       2x1d9     1%          1
 Freeze                   Ice            100%       1d11      1%          1
 Magic Dart               Conj           100%       1d8       1%          1
 Pain                     Necr           100%       1d9       1%          1
 Sandblast                Erth           100%       2d20      1%          1
 Shock                    Conj/Air       100%       1d9       1%          1
 Sting                    Tmut/Pois      100%       1d8       1%          1
 Summon Small Mammal      Summ           100%       N/A       1%          1
 Call Imp                 Summ           82%        N/A       1%          2
 Corpse Rot               Necr/Air       100%       N/A       1%          2
 Ensorcelled Hibernation  Hex/Ice        100%       N/A       1%          2
 Passwall                 Tmut/Erth      68%        N/A       1%          2
 Poisonous Vapours        Pois/Air       100%       N/A       1%          2
 Searing Ray              Conj           100%       2d8       1%          2
 Static Discharge         Conj/Air       82%        N/A       1%          2
 Sublimation of Blood     Necr           100%       N/A       1%          2
 Wereblood                Tmut           82%        N/A       1%          2
 Call Canine Familiar     Summ           82%        N/A       1%          3
 Dazzling Flash           Conj/Hex       100%       N/A       1%          3
 Frozen Ramparts          Ice            100%       1d12      1%          3
 Gell's Gravitas          Tloc           82%        N/A       1%          3
 Ignite Poison            Fire/Tmut/Pois 82%        N/A       1%          3
 Lesser Beckoning         Tloc           82%        N/A       1%          3
 Mephitic Cloud           Conj/Pois/Air  82%        N/A       1%          3
 Ozocubu's Armour         Ice            82%        N/A       1%          3
 Portal Projectile        Hex/Tloc       100%       N/A       1%          3
 Spider Form              Tmut/Pois      82%        N/A       1%          3
 Stone Arrow              Conj/Erth      100%       3d13      1%          3
 Summon Guardian Golem    Hex/Summ       82%        N/A       1%          3
 Swiftness                Air            82%        N/A       1%          3
 Teleport Other           Tloc           82%        N/A       1%          3
 Tukima's Dance           Hex            82%        N/A       1%          3
 Airstrike                Air            41%        N/A       1%          4
 Anguish                  Hex/Necr       51%        N/A       1%          4
 Animate Armour           Summ/Erth      100%       N/A       1%          4
 Animate Dead             Necr           51%        N/A       1%          4
 Cause Fear               Hex            41%        N/A       1%          4
 Dispel Undead            Necr           100%       3d31      1%          4
 Fulminant Prism          Conj/Hex       41%        3d20      1%          4
 Hailstorm                Conj/Ice       82%        3d17      1%          4
 Ice Form                 Ice/Tmut       82%        N/A       1%          4
 Iskenderun's Mystic Bla  Conj/Tloc      82%        2d16      1%          4
 Leda's Liquefaction      Hex/Erth       41%        N/A       1%          4
 Passage of Golubria      Tloc           82%        N/A       1%          4
 Petrify                  Tmut/Erth      82%        N/A       1%          4
 Summon Ice Beast         Ice/Summ       82%        N/A       1%          4
 Summon Lightning Spire   Summ/Air       82%        N/A       1%          4
 Agony                    Necr           100%       N/A       1%          5
 Alistair's Intoxication  Tmut/Pois      54%        N/A       1%          5
 Blade Hands              Tmut           41%        N/A       1%          5
 Excruciating Wounds      Necr           51%        N/A       1%          5
 Fireball                 Conj/Fire      41%        3d17      1%          5
 Irradiate                Conj/Tmut      41%        3d27      1%          5
 Iskenderun's Battlesphe  Conj           82%        2d13      1%          5
 Lee's Rapid Deconstruct  Erth           41%        3d21*     1%          5
 Lightning Bolt           Conj/Air       41%        1d60      1%          5
 Manifold Assault         Tloc           82%        N/A       1%          5
 Metabolic Englaciation   Hex/Ice        41%        N/A       1%          5
 Silence                  Hex/Air        41%        N/A       1%          5
 Summon Mana Viper        Hex/Summ       82%        N/A       1%          5
 Yara's Violent Unravell  Hex/Tmut       41%        3d16      1%          5
 Conjure Ball Lightning   Conj/Air       41%        3x3d13    1%          6
 Death Channel            Necr           51%        N/A       1%          6
 Dispersal                Tloc           41%        N/A       1%          6
 Eringya's Noxious Bog    Tmut/Pois      41%        N/A       1%          6
 Iron Shot                Conj/Erth      41%        9d8       1%          6
 Simulacrum               Ice/Necr       51%        N/A       1%          6
 Starburst                Conj/Fire      41%        6d12      1%          6
 Statue Form              Tmut/Erth      54%        N/A       1%          6
 Summon Cactus Giant      Summ           41%        N/A       1%          6
 Dragon Form              Tmut           41%        N/A       1%          7
 Haunt                    Necr/Summ      51%        N/A       1%          7
 Ozocubu's Refrigeration  Ice            41%        4d13      1%          7
 Storm Form               Tmut/Air       41%        N/A       1%          7
 Summon Hydra             Summ           41%        N/A       1%          7
 Lehudib's Crystal Spear  Conj/Erth      41%        10d10     4%          8
 Maxwell's Capacitive Co  Air            41%        ∞         4%          8
 Chain Lightning          Conj/Air       41%        3d54      32%         9
 Death's Door             Necr           51%        N/A       32%         9
 Fire Storm               Conj/Fire      41%        8d10      32%         9
 Polar Vortex             Ice            41%        N/A       32%         9
 Shatter                  Erth           41%        3d32*     32%         9


Dungeon Overview and Level Annotations

Branches:
Dungeon (15/15)            Temple (1/1) D:5            Lair (6/6) D:8
  Swamp (4/4) Lair:4       Spider (4/4) Lair:2        Slime (5/5) Lair:5
    Orc (2/2) D:11            Elf (3/3) Orc:2        Vaults (5/5) D:14
  Crypt (3/3) Vaults:2       Tomb (1/3) Crypt:3      Depths (4/4) D:15
   Hell (visited)             Dis (3/7) Hell            Geh (7/7) Hell
    Coc (7/7) Hell            Tar (7/7) Hell            Zot (4/5) Depths:4
Ossuary (visited)           IceCv (visited)         Volcano (visited)

Altars:
Ashenzari
Cheibriados
Dithmenos
Elyvilon
Fedhas
Gozag
Hepliaklqana
Kikubaaqudgha
Makhleb
Nemelex Xobeh
Okawaru
Qazlal
Ru
Sif Muna
Trog
Uskayaw
Vehumet
Wu Jian
Xom
Yredelemnul
Zin
The Shining One
Beogh
Jiyva

Shops:
D:3 *   D:6 !   D:10 (   D:14 =   Orc:2 *?[[   Elf:3 =*[   Vaults:1 [
Vaults:3 :   Vaults:4 (!   Vaults:5 :=   Depths:1 [[!((:

Portals:
Hell: Depths:1 Depths:2 Depths:3 Depths:4
Abyss: Depths:2 Depths:3
Pandemonium: Depths:1 Depths:2 Depths:4
Ziggurat: Depths:2

Annotations:
Slime:5 Royal Jelly


Innate Abilities, Weirdness & Mutations

You are an undead lich.
Your unarmed attacks are suffused with negative energy.
You are immune to unholy pain and torment.
Your necromantic spells are more powerful.
You cannot drink.
You are immune to poison.
You have very sharp teeth.
Your uncanny sense of smell can sniff out nearby items.
Your experience applies equally to all skills.
Your skin changes colour to match your surroundings (Stealth+).
You are very agile. (Dex +4)
You are very dopey. (Int -4)
Your flesh is very heat resistant. (rF++)
You are strong-willed. (Will+)
Your muscles are very strong. (Str +4)
Your spells are much harder to cast, but much more powerful.
Armour fits poorly on your large pseudopods.


Message History

a +0 long sword; a +0 robe; a demonspawn corpse The hellion gestures at you.
The sphere of damnation explodes!
The damnation engulfs you!!
* * * LOW HITPOINT WARNING * * *
The damnation engulfs your spellforged servitor!!
Your quicksilver ooze is engulfed in blazing flames.
Your quicksilver ooze closely misses the Tzitzimitl.
Your quicksilver ooze hits the Tzitzimitl but does no damage.
The Tzitzimitl is engulfed in blazing flames.
The Tzitzimitl gestures at your quicksilver ooze.
The bolt of negative energy misses your quicksilver ooze.
The Tzitzimitl is engulfed in blazing flames.
The sun demon misses your quicksilver ooze.
Your golden dragon bites the demonspawn black sun!
Your golden dragon barely misses the demonspawn black sun.
Your golden dragon closely misses the demonspawn black sun.
You hear a shout!
You swap places.
The Tzitzimitl attacks as you move away!
You block the Tzitzimitl's attack. The Tzitzimitl completely misses you.
You can once more reach out to the dragon horde.
The hellion gestures at you.
The sphere of damnation explodes!
The damnation engulfs you!!
* * * LOW HITPOINT WARNING * * *
The damnation engulfs your spellforged servitor!!
The Tzitzimitl is engulfed in blazing flames.
The Tzitzimitl barely misses something. x2
A lorocyproca comes into view.
The Tzitzimitl is engulfed in blazing flames.
The Tzitzimitl engulfs your spellforged servitor!
The Tzitzimitl drains your spellforged servitor's vigour!
Your spellforged servitor seems to slow down.
Your spellforged servitor's magic leaks into the air.
The Tzitzimitl bites your spellforged servitor!
Your spellforged servitor's magic leaks into the air.
Your spellforged servitor falters for a moment.
The demonspawn black sun completely misses your golden dragon.
The hellion gestures at you.
The sphere of damnation explodes!
The damnation engulfs you!!
You die...

y#..... ∆ [.. ##....6
.... #$.§○.. 5.... #)(..2
#.&... .####§2####2§....
..§§#§#D61§3§3...
..§§§.§§§1J.5....
###.####9####.### #.
#†L.....# #.####### #.#
#.# #.#
#######.#################
.........................
....^....................
.........#...............


You could see 2 Tzitzimimeh, a demonspawn black sun (black mark, distracted,
slow), a lorocyproca (invisible, distracted), a green death (black mark), a
hellion, an ufetubus (summoned), a friendly golden dragon (summoned) and a
friendly spellforged servitor (summoned, slow, magic disrupted).

Vanquished Creatures
  Antaeus (Coc:7)
  Asmodeus (Geh:7)
  Dissolution (Slime:1)
  Ignacio (Pan)
  A seraph (Pan)
  Lom Lobon (Pan)
  Gloorx Vloq (Pan)
  3 dread liches
  Tiamat (Zot:4)
  An ancient lich (Vaults:5)
  13 pandemonium lords (Pan)
  4 juggernauts (Depths:3)
  2 royal mummies (Tomb:1)
  Margery (Vaults:2)
  18 shard shrikes
  10 caustic shrikes
  3 curse toes
  Xtahua (Depths:4)
  6 golden dragons
  the Enchantress (Depths:4)
  Geryon (Hell)
  16 profane servitors
  8 bone dragons
  Jory (Crypt:2)
  The ghost of Dabor the Peltast, an adept GnWn of Qazlal (Elf:3)
  12 Brimstone Fiends
  An iron giant (Dis:3)
  20 Tzitzimimeh
  10 doom hounds
  Zenata (Elf:1)
  6 hellephants
  Asterion (Elf:3)
  29 tentacled monstrosities
  7 Hell Sentinels
  2 spectral shard shrikes
  10 searing wretches
  8 liches
  25 Ice Fiends
  A walking crystal tome (Depths:2)
  8 tainted leviathans
  2 walking earthen tomes (Depths:3)
  Jorgrun (Swamp:2)
  11 titans
  4 quicksilver dragons
  A walking frostbound tome (Depths:2)
  2 deep elf blademasters (Elf:3)
  A shard shrike skeleton (Crypt:3)
  9 ancient champions
  5 death cobs
  2 deep elf master archers (Elf:3)
  15 acid blobs
  21 sphinxes
  7 tentacled starspawn
  Agnes (Elf:1)
  28 Executioners (Pan)
  7 shadow dragons
  Kirke (Spider:3)
  A fenstrider witch (Swamp:3)
  2 thorn hunters (Swamp:4)
  20 storm dragons
  11 tengu reavers
  4 revenants
  17 demonspawn warmongers (Pan)
  8 narguns (Coc:7)
  A fenstrider witch (shapeshifter) (Elf:3)
  8 draconian monks
  11 frost giants
  4 draconian knights
  4 iron dragons
  3 rockslimes
  24 fire giants
  6 daevas (Pan)
  7 azure jellies
  A quicksilver elemental (Dis:2)
  13 vault wardens
  13 nameless horrors
  4 curse skulls
  Aizul (Vaults:1)
  4 deep elf sorcerers
  7 draconian scorchers
  50 balrugs
  7 emperor scorpions
  27 cacodemons (Pan)
  17 angels (Pan)
  6 ghost moths
  An orc warlord (Orc:2)
  2 draconian stormcallers (Zot:2)
  9 ghouls
  2 shard shrike simulacra
  6 caustic shrike skeletons (Crypt:3)
  7 draconian annihilators
  11 demonspawn corrupters (Pan)
  6 quicksilver oozes
  3 draconian shifters
  7 war gargoyles
  2 broodmothers
  14 ironbound preservers
  27 reapers
  4 spriggan defenders
  8 stone giants
  A juggernaut skeleton (Pan)
  18 very ugly things
  6 ironbound thunderhulks
  16 demonspawn blood saints (Pan)
  7 ophanim (Pan)
  8 apis (Pan)
  10 elemental wellsprings
  5 green draconians
  6 vampire knights
  7 black draconians
  6 deep elf demonologists (Elf:3)
  5 bennus (Tomb:1)
  11 dire elephants
  7 eleionomae
  26 lorocyprocas
  9 demonspawn black suns (Pan)
  6 entropy weavers
  8 deep elf annihilators
  4 bunyips
  7 yellow draconians
  7 red draconians
  10 white draconians
  7 wendigos
  8 purple draconians
  4 halazid warlocks (Tar:6)
  A minotaur (shapeshifter) (Depths:3)
  19 putrid mouths
  36 blizzard demons
  11 spark wasps
  Snorg (Lair:6)
  A crystal guardian (Vaults:2)
  5 ettins
  6 mummy priests (Tomb:1)
  7 eidola
  13 deep elf death magi
  2 spectral krakens (Tar:7)
  17 fire dragons
  12 green deaths
  Josephine (D:11)
  A spectral golden dragon (Tar:2)
  An iron golem (Hell)
  7 jiangshi
  18 yaktaur captains
  2 shambling mangroves
  3 deep elf high priests (Elf:3)
  17 hydras
  9 great orbs of eyes
  35 vault guards
  4 salamander tyrants
  2 quicksilver dragon skeletons (Crypt:3)
  3 spectral spriggans
  12 boulder beetles
  3 juggernaut simulacra
  3 caustic shrike simulacra
  5 rakshasas
  16 ice dragons
  Harold (Orc:1)
  A merfolk avatar (Abyss:5)
  2 death knights (Crypt:1)
  A ghost crab (Swamp:2)
  9 hell beasts
  3 radroaches
  A catoblepas (Pan)
  3 jorogumos
  4 ogre magi
  11 ironbound frosthearts
  10 spriggan air magi
  4 spriggan skeletons
  6 alligators
  The ghost of nano the Magician, a journeyman OpTm of Ashenzari (D:11)
  A radroach (shapeshifter) (Depths:3)
  An alligator (shapeshifter) (Vaults:5)
  3 fenstrider witch skeletons
  7 centaur warriors
  10 death yaks
  3 deep troll earth magi
  23 dancing weapons
  7 deep troll shamans
  14 two-headed ogres
  5 tengu warriors
  5 stokers
  9 spriggan berserkers
  9 thrashing horrors (Abyss:4)
  6 vampire magi
  Urug (Lair:1)
  An orc high priest (Elf:3)
  18 hell hogs
  8 hell knights
  2 holy swine (Pan)
  A spectral bunyip (Tar:2)
  51 soul eaters
  16 deep elf knights
  147 sun demons
  3 iron trolls (Depths:1)
  5 titan skeletons
  28 skeletal warriors
  5 wretched stars
  7 pharaoh ants
  28 sixfirhies
  12 shadow wraiths
  A spectral catoblepas (Tar:1)
  9 cherubim (Pan)
  9 bog bodies
  17 orb spiders
  A salamander mystic (Volcano)
  8 steelbarb worms
  4 spriggan druids
  49 deep trolls
  3 glowing orange brains
  3 sun moths
  A storm dragon skeleton (Crypt:3)
  6 goliath frogs
  7 flayed ghosts
  2 bunyip skeletons
  A spriggan simulacrum (Coc:2)
  A spectral iron dragon (Tar:6)
  20 shadow demons (Pan)
  A goliath frog zombie (Crypt:2)
  5 spectral wolf spiders (Spider:4)
  A death drake (Swamp:2)
  12 deep elf archers
  7 lindwurms
  2 spectral hydras (Swamp:4)
  An obsidian statue (Volcano)
  4 swamp dragons
  An iron giant skeleton (Pan)
  6 orc knights
  3 orange crystal statues
  9 phantasmal warriors
  A fenstrider witch simulacrum (Coc:1)
  13 wizards
  4 harpies (Vaults:1)
  6 necromancers
  3 anaconda skeletons (Pan)
  21 wolf spiders
  31 deep elf pyromancers
  A mana viper (shapeshifter) (Vaults:1)
  22 ironbound convokers
  4 shining eyes
  A spectral ettin (Tar:6)
  2 orc sorcerers
  5 wolf spider zombies (Spider:4)
  25 deep elf zephyrmancers
  3 salamanders (Volcano)
  6 oklob plants
  A wolf spider (shapeshifter) (D:11)
  6 cyclopes
  46 ugly things
  A spectral centaur (Tar:2)
  A moth of wrath (shapeshifter) (D:15)
  2 manticores (D:15)
  5 will-o-the-wisps
  A worldbinder (Abyss:4)
  19 moths of wrath
  2 stone giant skeletons
  2 dire elephant zombies
  4 ice statues (Pan)
  6 black mambas
  3 apocalypse crabs
  3 rust devils
  20 elephants
  A molten gargoyle (Hell)
  A naga zombie (Crypt:2)
  11 vault sentinels
  3 titan simulacra
  A black mamba (shapeshifter) (D:13)
  19 cane toads
  2 eyes of devastation
  4 gargoyles
  5 torpor snails
  4 spectral swamp worms (Tar:7)
  79 smoke demons
  5 kobold demonologists
  34 yaktaurs
  53 orange demons
  3 dire elephant skeletons
  13 efreet
  30 hellions
  A bunyip simulacrum (Coc:2)
  An unseen horror (shapeshifter) (D:11)
  11 freezing wraiths
  23 rime drakes
  7 komodo dragons
  2 unseen horrors
  18 hellwings
  33 tormentors
  33 demonic crawlers
  An alligator snapping turtle skeleton (Pan)
  4 spectral nagas
  2 silent spectres
  7 ancient zymes
  3 ice devils (Pan)
  An iron giant simulacrum (Coc:4)
  A sea snake zombie (Crypt:2)
  A minotaur skeleton (Crypt:3)
  6 guardian mummies (Tomb:1)
  A spectral harpy (Tar:1)
  A yaktaur (shapeshifter) (Depths:2)
  A green draconian skeleton (Crypt:3)
  17 red devils
  5 tengu conjurers
  18 trolls
  An anaconda simulacrum (Coc:2)
  4 hydra zombies
  6 meliai
  6 tyrant leeches
  21 polar bears
  A tarantella (shapeshifter) (Abyss:4)
  2 wolf spider simulacra (Spider:4)
  4 harpy skeletons
  Prince Ribbit (Lair:2)
  A death drake zombie (Swamp:4)
  2 death drake skeletons (Swamp:4)
  A moth of wrath zombie (Crypt:2)
  31 tarantellas
  12 dream sheep
  A satyr zombie (Crypt:1)
  110 slime creatures
  2 dream sheep (shapeshifter)
  20 raiju
  19 hornets
  20 blink frogs
  4 hydra skeletons
  A centaur simulacrum (D:15)
  31 jumping spiders
  4 air elementals
  An ettin skeleton (Crypt:3)
  2 shadows
  9 wraiths
  39 yaks
  A yak (shapeshifter) (D:11)
  26 culicivoras
  12 spriggans
  A vampire (D:11)
  48 large abominations
  2 ushabtiu (Tomb:1)
  7 wyverns
  A fire elemental (Elf:2)
  A dire elephant simulacrum (Coc:7)
  A hog (Spider:2)
  7 fire bats
  3 water elementals
  A human (shapeshifter) (Elf:2)
  19 neqoxecs
  63 ynoxinuls
  A black mamba skeleton (Crypt:3)
  6 golden eyes (Slime:2)
  50 redbacks
  Menkaure (D:6)
  6 basilisks
  5 steam dragons
  16 vampire mosquitoes
  54 chaos spawn
  5 harpy simulacra
  A two-headed ogre zombie (Crypt:3)
  A glowing shapeshifter zombie (Crypt:1)
  4 wargs (Lair:6)
  A faun zombie (Crypt:1)
  A merfolk zombie (Crypt:1)
  A swamp worm (shapeshifter) (Vaults:1)
  12 swamp worms
  3 acid dragons
  5 hydra simulacra
  16 water moccasins
  2 naga skeletons (Pan)
  2 floating eyes
  15 hell hounds (Lair:6)
  A deep troll skeleton (Pan)
  2 swamp dragon zombies
  8 swamp drakes
  25 orc warriors
  3 ice beasts
  An ice beast (shapeshifter) (D:14)
  14 black bears
  6 sky beasts
  18 ogres
  23 starcursed masses
  9 centaurs
  An ice dragon simulacrum (Coc:1)
  9 boggarts
  A tengu (shapeshifter) (Vaults:5)
  28 wolves
  7 small abominations
  2 swamp dragon skeletons (Swamp:4)
  A lindwurm skeleton (Crypt:1)
  2 phantoms
  6 kobold brigands
  An earth elemental (Elf:3)
  A komodo dragon zombie (Crypt:3)
  2 naga simulacra
  5 necrophages
  13 bullfrogs
  A gnoll sergeant (D:9)
  8 scorpions
  A draconian skeleton (Crypt:1)
  An elf skeleton (Crypt:2)
  38 wights
  4 killer bees (D:11)
  A warg zombie (Crypt:2)
  3 howler monkeys
  A polar bear skeleton (Crypt:3)
  A raiju skeleton (Crypt:3)
  6 electric eels
  6 crimson imps (Pan)
  5 lava snakes (Volcano)
  4 quasits
  3 hounds
  An iron imp (Abyss:4)
  18 orc priests
  17 jellies
  A black bear zombie (Crypt:2)
  6 iguanas
  21 orc wizards
  Natasha (twice) (D:2)
  7 hell rats (Lair:3)
  Terence (D:2)
  A hound skeleton (D:7)
  27 mummies
  10 gnolls
  8 adders
  3 shadow imps (D:8)
  A white imp (Abyss:4)
  2 ufetubi
  A worm zombie (Crypt:2)
  4 worms
  A dart slug (D:4)
  90 orcs
  4 endoplasms
  4 giant cockroaches
  2 goblins (D:4)
  10 hobgoblins
  2 jackals (D:4)
  19 kobolds
  5 quokkas
  4 ball pythons
  4 bats
  A dart slug zombie (Crypt:3)
  3 frilled lizards
  A frilled lizard zombie (Crypt:2)
  A hobgoblin skeleton (Crypt:1)
  2 kobold zombies
  An orc zombie (Ossuary)
  4 rats
  2 briar patches (Swamp:4)
  3 creeping infernos
  15 fire vortices
  4 starspawn tentacles
  7 tentacles (Tar:7)
4001 creatures vanquished.

Vanquished Creatures (collateral kills)
  Cerebov (Pan)
  Ereshkigal (Tar:7)
  the Serpent of Hell (Geh:7)
  Mnoleg (Pan)
  An ancient lich (Coc:6)
  Mennas (Pan)
  Boris (Crypt:2)
  11 shard shrikes
  13 pandemonium lords (Pan)
  A caustic shrike (Dis:3)
  14 bone dragons
  10 profane servitors
  A pearl dragon (Pan)
  3 doom hounds
  8 hellephants
  18 Tzitzimimeh
  A spectral shard shrike (Tar:6)
  5 Hell Sentinels
  8 Brimstone Fiends
  An iron giant (Dis:1)
  20 Ice Fiends
  A tentacled monstrosity (Pan)
  10 titans
  10 searing wretches
  15 tainted leviathans
  A deep elf blademaster (Elf:2)
  6 Executioners (Pan)
  2 eldritch tentacles (Pan)
  An ancient champion (Dis:1)
  Donald (Spider:1)
  4 demonspawn warmongers (Pan)
  2 daevas (Pan)
  14 narguns
  2 frost giants
  9 fire giants
  An iron dragon (Dis:1)
  19 cacodemons (Pan)
  23 balrugs
  2 ghost moths (Pan)
  A spectral caustic shrike (Tar:6)
  2 spectral juggernauts (Tar:1)
  An ironbound preserver (Vaults:2)
  3 angels (Pan)
  A draconian shifter (Zot:4)
  A caustic shrike skeleton (Hell)
  5 demonspawn corrupters (Pan)
  7 war gargoyles
  13 reapers
  3 ophanim (Pan)
  15 elemental wellsprings
  8 demonspawn blood saints (Pan)
  2 apis (Pan)
  4 demonspawn black suns (Pan)
  13 putrid mouths
  A halazid warlock (Tar:6)
  A bennu (Tomb:1)
  10 lorocyprocas (Pan)
  5 wendigos
  An eidolon (Tar:2)
  3 iron golems
  6 green deaths (Pan)
  A crystal guardian (Hell)
  A mummy priest (Tomb:1)
  12 blizzard demons
  A spectral spriggan (Tar:3)
  A rakshasa (Pan)
  2 ice dragons
  2 vault guards (D:14)
  2 juggernaut simulacra
  5 caustic shrike simulacra
  6 salamander tyrants
  A peacekeeper (Vaults:2)
  2 hell beasts (Pan)
  2 spriggan skeletons (Pan)
  10 hell hogs
  6 stokers
  A dancing weapon (Elf:2)
  2 spectral nagas
  A thrashing horror (Abyss:4)
  18 soul eaters
  50 sun demons
  3 crystal echidnas
  A spectral dire elephant (Tar:6)
  25 large abominations (Pan)
  A skeletal warrior (D:11)
  2 iron trolls (Hell)
  3 quicksilver dragon simulacra
  20 sixfirhies (Pan)
  A cherub (Pan)
  4 shadow demons (Pan)
  An anaconda skeleton (Pan)
  An orc knight (Orc:1)
  3 spectral ettins
  2 spectral centaurs
  A cyclops (D:14)
  21 orange demons (Pan)
  3 rust devils
  2 titan simulacra
  47 smoke demons
  3 ice statues
  4 molten gargoyles (Hell)
  15 hellions
  A kobold demonologist (D:14)
  7 spectral swamp worms (Tar:7)
  5 demonic crawlers (Pan)
  An efreet (Pan)
  An iron giant simulacrum (Coc:5)
  3 freezing wraiths
  17 tormentors
  6 anaconda simulacra
  3 ice devils (Pan)
  8 hellwings (Pan)
  8 red devils
  A silent spectre (Tar:6)
  A golden dragon simulacrum (Coc:5)
  2 spectral harpies (Tar:6)
  A polar bear (IceCv)
  3 slime creatures
  2 harpy skeletons
  A jumping spider (Spider:4)
  19 ynoxinuls (Pan)
  5 dire elephant simulacra
  A naga simulacrum (Coc:7)
  25 neqoxecs (Pan)
  2 vampire mosquitoes (D:14)
  A redback (Spider:2)
  26 chaos spawn (Pan)
  5 harpy simulacra
  A hydra simulacrum (Coc:2)
  An orc warrior (Orc:1)
  An ogre (Orc:1)
  3 ettin simulacra
  An orc wizard (Orc:1)
  A shadow imp (Pan)
  An orc (Orc:1)
  3 gnoll zombies (Ossuary)
  2 kobold zombies (Ossuary)
  An orc zombie (Ossuary)
  2 creeping infernos
  12 fire vortices
823 creatures vanquished.

Vanquished Creatures (others)
  A pandemonium lord (Pan)
  A hellephant (Geh:7)
  A lich (Vaults:5)
  2 Executioners (Pan)
  A titan (Coc:7)
  2 fire giants (Depths:2)
  A ghost moth (shapeshifter) (Abyss:4)
  A balrug (Pan)
  A shard shrike simulacrum (Coc:7)
  3 demonspawn blood saints (Pan)
  An elemental wellspring (Coc:7)
  A demonspawn black sun (Pan)
  A putrid mouth (Tar:5)
  A red draconian (Zot:1)
  An iron golem (Dis:1)
  A fire dragon (Vaults:2)
  A blizzard demon (Pan)
  4 great orbs of eyes (shapeshifter)
  3 great orbs of eyes
  A two-headed ogre (Orc:2)
  An ironbound frostheart (IceCv)
  An alligator (Swamp:2)
  A stoker (Geh:7)
  A hell hog (Geh:1)
  A dancing weapon (Elf:2)
  2 soul eaters (Pan)
  A sun demon (Pan)
  A shadow demon (Pan)
  A glowing orange brain (Abyss:5)
  A spectral wolf spider (Spider:4)
  5 shining eyes
  A will-o-the-wisp (Swamp:2)
  A moth of wrath (Zot:1)
  3 eyes of devastation (Pan)
  An orange demon (Pan)
  A cane toad (shapeshifter) (Abyss:4)
  5 smoke demons (Pan)
  A hellion (Pan)
  A polar bear (shapeshifter) (Abyss:4)
  A large abomination (Abyss:4)
  2 bloated husks
  A hornet (Swamp:3)
  A troll (shapeshifter) (Abyss:5)
  A dream sheep (shapeshifter) (Pan)
  A dire elephant simulacrum (Coc:7)
  A spriggan (Swamp:3)
  5 humans (Spider:3)
  2 ynoxinuls (Pan)
  2 neqoxecs
  A chaos spawn (Pan)
  6 golden eyes
  A harpy simulacrum (Coc:5)
  A floating eye (Pan)
  A kobold brigand (D:11)
  A scorpion (shapeshifter) (D:11)
  A wyvern skeleton (Crypt:3)
  A small abomination (Abyss:4)
  2 crimson imps (Pan)
  392 jellies
  A howler monkey skeleton (Crypt:1)
  3 ball lightnings (Pan)
  2 creeping infernos
  16 fire vortices
  24 foxfires
  42 fungi
  129 plants
  12 starspawn tentacles
  A tentacle (Tar:7)
713 creatures vanquished.

Grand Total: 5537 creatures vanquished

Notes
Turn   | Place    | Note
-------+----------+-------------------------------------------
     0 | D:1      | Reached skill level 10 in Armour
     0 | D:1      | Dabor the Gnoll Wanderer began the quest for the Orb.
     0 | D:1      | Dabor set off with the following items: a +0 quarterstaff,
                  | a +0 chain mail, a potion of curing, a potion of heal
                  | wounds
     0 | D:1      | Reached XP level 1. HP: 17/17 MP: 1/1
    85 | D:1      | Found a faded altar of an unknown god.
   163 | D:1      | Prayed at the altar of an unknown god.
   163 | D:1      | Became a worshipper of Qazlal Stormbringer
   163 | D:1      | Reached * piety under Qazlal
   287 | D:1      | Reached XP level 2. HP: 22/23 MP: 2/2
  1008 | D:2      | Reached XP level 3. HP: 24/28 MP: 3/3
  1168 | D:2      | Found a radiant altar of Vehumet.
  1168 | D:2      | Noticed Natasha
  1177 | D:2      | Killed Natasha
  1178 | D:2      | Reached skill level 1 in Short Blades
  1178 | D:2      | Reached skill level 1 in Long Blades
  1178 | D:2      | Reached skill level 1 in Axes
  1178 | D:2      | Reached skill level 1 in Maces & Flails
  1178 | D:2      | Reached skill level 1 in Polearms
  1178 | D:2      | Reached skill level 1 in Slings
  1178 | D:2      | Reached skill level 1 in Bows
  1178 | D:2      | Reached skill level 1 in Crossbows
  1178 | D:2      | Reached skill level 1 in Dodging
  1178 | D:2      | Reached skill level 1 in Stealth
  1178 | D:2      | Reached skill level 1 in Shields
  1178 | D:2      | Reached skill level 1 in Unarmed Combat
  1178 | D:2      | Reached skill level 1 in Spellcasting
  1178 | D:2      | Reached skill level 1 in Invocations
  1178 | D:2      | Reached skill level 1 in Evocations
  1178 | D:2      | Reached XP level 4. HP: 34/34 MP: 5/5
  1421 | D:2      | Reached ** piety under Qazlal
  1481 | D:2      | Noticed Terence
  1492 | D:2      | Killed Terence
  1493 | D:2      | Reached skill level 1 in Conjurations
  1493 | D:2      | Reached skill level 1 in Hexes
  1493 | D:2      | Reached skill level 1 in Summonings
  1493 | D:2      | Reached skill level 1 in Necromancy
  1493 | D:2      | Reached skill level 1 in Translocations
  1493 | D:2      | Reached skill level 1 in Transmutations
  1493 | D:2      | Reached skill level 1 in Fire Magic
  1493 | D:2      | Reached skill level 1 in Ice Magic
  1493 | D:2      | Reached skill level 1 in Air Magic
  1493 | D:2      | Reached skill level 1 in Earth Magic
  1493 | D:2      | Reached skill level 1 in Poison Magic
  1883 | D:2      | Noticed Natasha
  1887 | D:2      | Killed Natasha
  1888 | D:2      | Reached XP level 5. HP: 40/40 MP: 6/6
  2309 | D:3      | Found a sacrificial altar of Ru.
  2386 | D:3      | Found Joroycua's General Store.
  2865 | D:4      | Reached XP level 6. HP: 33/47 MP: 8/8
  3155 | D:4      | Noticed a black bear
  3170 | D:4      | Killed a black bear
  3170 | D:4      | Reached *** piety under Qazlal
  3458 | D:3      | Bought a +1 pair of gloves for 126 gold pieces
  3505 | D:4      | Reached XP level 7. HP: 46/52 MP: 10/10
  3547 | D:4      | Found an ornate altar of the Wu Jian Council.
  3858 | D:5      | Entered Level 5 of the Dungeon
  4414 | D:5      | Found a staircase to the Ecumenical Temple.
  4485 | D:5      | Reached XP level 8. HP: 44/60 MP: 12/12
  4875 | D:6      | Noticed Menkaure
  4890 | D:6      | Killed Menkaure
  5216 | D:6      | Reached XP level 9. HP: 66/66 MP: 14/14
  5256 | D:6      | Reached **** piety under Qazlal
  5674 | D:6      | Found Feahohy's Distillery.
  5679 | D:6      | Bought a potion of might for 56 gold pieces
  5679 | D:6      | Bought a potion of heal wounds for 70 gold pieces
  5767 | D:6      | Found a basalt altar of Yredelemnul.
  5771 | D:6      | Found a shadowy altar of Dithmenos.
  5838 | D:6      | Found an iron altar of Okawaru.
  5945 | D:7      | Reached skill level 5 in Fighting
  5945 | D:7      | Reached skill level 5 in Throwing
  6300 | D:7      | Found a hazy altar of Hepliaklqana.
  6353 | D:7      | Reached skill level 5 in Invocations
  6365 | D:7      | Found a bloodstained altar of Trog.
  6468 | D:7      | Reached XP level 10. HP: 18/74 MP: 13/17
  6481 | D:7      | Found a sand-covered staircase.
  6490 | Ossuary  | Entered an ossuary
  7187 | D:7      | Found a burning altar of Makhleb.
  7252 | D:8      | Reached skill level 5 in Short Blades
  7252 | D:8      | Reached skill level 5 in Long Blades
  7252 | D:8      | Reached skill level 5 in Axes
  7252 | D:8      | Reached skill level 5 in Maces & Flails
  7252 | D:8      | Reached skill level 5 in Polearms
  7252 | D:8      | Reached skill level 5 in Slings
  7252 | D:8      | Reached skill level 5 in Bows
  7252 | D:8      | Reached skill level 5 in Crossbows
  7252 | D:8      | Reached skill level 5 in Dodging
  7252 | D:8      | Reached skill level 5 in Stealth
  7252 | D:8      | Reached skill level 5 in Shields
  7252 | D:8      | Reached skill level 5 in Unarmed Combat
  7252 | D:8      | Reached skill level 5 in Spellcasting
  7252 | D:8      | Reached skill level 5 in Evocations
  7537 | D:8      | Noticed a two-headed ogre
  7547 | D:8      | Killed a two-headed ogre
  7554 | D:8      | Noticed a two-headed ogre
  7566 | D:8      | Killed a two-headed ogre
  7789 | D:8      | Found an opulent altar of Gozag.
  7823 | D:8      | Found a transporter.
  7834 | D:8      | Reached XP level 11. HP: 77/81 MP: 19/19
  7870 | D:8      | Found a transporter.
  8061 | D:8      | Found a staircase to the Lair.
  8099 | D:8      | Reached ***** piety under Qazlal
  8118 | D:8      | Paralysed by a hornet for 2 turns
  8566 | D:8      | Found a white marble altar of Elyvilon.
  8835 | D:8      | Reached skill level 5 in Conjurations
  8835 | D:8      | Reached skill level 5 in Hexes
  8835 | D:8      | Reached skill level 5 in Summonings
  8835 | D:8      | Reached skill level 5 in Necromancy
  8835 | D:8      | Reached skill level 5 in Translocations
  8835 | D:8      | Reached skill level 5 in Transmutations
  8835 | D:8      | Reached skill level 5 in Fire Magic
  8835 | D:8      | Reached skill level 5 in Ice Magic
  8835 | D:8      | Reached skill level 5 in Air Magic
  8835 | D:8      | Reached skill level 5 in Earth Magic
  8835 | D:8      | Reached skill level 5 in Poison Magic
  8951 | D:9      | Learned a level 2 spell: Passwall
  9359 | D:9      | Found a shimmering blue altar of Sif Muna.
  9457 | D:9      | Found a broken altar of Ashenzari.
  9755 | D:9      | Found a glowing silver altar of Zin.
  9860 | D:10     | Entered Level 10 of the Dungeon
  9860 | D:10     | Noticed a two-headed ogre
  9864 | D:10     | Killed a two-headed ogre
  9909 | D:10     | Found Rerphemp's Antique Weapon Emporium.
  9994 | D:10     | Noticed a two-headed ogre
 10000 | D:10     | Killed a two-headed ogre
 10508 | D:10     | Found a sacrificial altar of Ru.
 10801 | D:10     | Learned a level 3 spell: Frozen Ramparts
 10846 | D:11     | Noticed a skeletal warrior
 10851 | D:11     | Noticed a skeletal warrior
 10853 | D:11     | Noticed a skeletal warrior
 10855 | D:11     | Killed a skeletal warrior
 10865 | D:11     | Killed a skeletal warrior
 10867 | D:11     | Killed a skeletal warrior
 11283 | D:11     | Noticed a boulder beetle
 11292 | D:11     | Killed a boulder beetle
 11306 | D:11     | Reached XP level 12. HP: 75/91 MP: 22/22
 11544 | D:11     | Noticed a five-headed hydra
 11550 | D:11     | Killed an eight-headed hydra
 11622 | D:11     | Identified the +0 robe of Mahylyu {Str+4}
 11662 | D:11     | Noticed a boulder beetle
 11664 | D:11     | Found a staircase to the Orcish Mines.
 11699 | D:11     | Killed a boulder beetle
 11721 | D:11     | Identified the +1 scythe of the Eternal Warrior {drain,
                  | *Slow Fly Will+++}
 12005 | D:11     | Found a runed translucent gate.
 12005 | D:11     | Found a runed translucent gate.
 12005 | D:11     | Found a runed translucent gate.
 12017 | D:11     | Noticed a two-headed ogre
 12022 | D:11     | Killed a two-headed ogre
 12038 | D:11     | Identified a scroll of acquirement
 12039 | D:11     | Acquired the +3 warlock's mirror {reflect}
 12039 | D:11     | Found the +3 warlock's mirror {reflect}
 12581 | D:11     | Noticed Josephine
 12587 | D:11     | Killed Josephine
 12767 | D:11     | Noticed a shock serpent
 12767 | D:11     | a deep troll changed into a shock serpent
 12770 | D:11     | Gained mutation: Your muscles are strong. (Str +2) [potion
                  | of mutation]
 12770 | D:11     | Gained mutation: You are frail. (-10% HP) [potion of
                  | mutation]
 12771 | D:11     | Lost mutation: Your muscles are strong. (Str +2) [potion of
                  | mutation]
 12771 | D:11     | Lost mutation: You are frail. (-10% HP) [potion of
                  | mutation]
 12771 | D:11     | Gained mutation: Your mind is acute. (Int +2) [potion of
                  | mutation]
 12771 | D:11     | Gained mutation: You expend magic power (3 MP) to
                  | strengthen your wands. [potion of mutation]
 12771 | D:11     | Gained mutation: Your spells are a little harder to cast,
                  | but a little more powerful. [potion of mutation]
 12776 | D:11     | a shock serpent changed into a torpor snail
 12786 | D:11     | Noticed a death knight
 12800 | D:11     | Reached skill level 10 in Staves
 13075 | D:11     | Found a runed translucent gate.
 13075 | D:11     | Found a runed translucent gate.
 13079 | D:11     | Found a runed translucent gate.
 13079 | D:11     | Noticed nano's ghost (journeyman OpTm)
 13187 | D:12     | Noticed a two-headed ogre
 13198 | D:12     | Killed a two-headed ogre
 13459 | D:12     | Noticed a two-headed ogre
 13515 | D:11     | Reached XP level 13. HP: 59/98 MP: 17/24
 14330 | D:12     | Lost mutation: Your mind is acute. (Int +2) [potion of
                  | mutation]
 14330 | D:12     | Lost mutation: Your spells are a little harder to cast, but
                  | a little more powerful. [potion of mutation]
 14330 | D:12     | Gained mutation: Your mind is acute. (Int +2) [potion of
                  | mutation]
 14330 | D:12     | Gained mutation: You are partially covered in iridescent
                  | scales. (AC +2) [potion of mutation]
 14330 | D:12     | Gained mutation: You have an increased reservoir of magic.
                  | (+10% MP) [potion of mutation]
 14330 | D:12     | Gained mutation: You are somewhat resistant to further
                  | mutation. [potion of mutation]
 15805 | D:13     | Found a bloodstained altar of Trog.
 16487 | D:14     | Found a frozen archway.
 16493 | IceCv    | Entered an ice cave
 16733 | IceCv    | Reached XP level 14. HP: 108/108 MP: 29/29
 17504 | IceCv    | Noticed a shard shrike
 17524 | IceCv    | Killed a shard shrike
 17525 | IceCv    | Reached skill level 10 in Invocations
 17892 | IceCv    | Noticed a white draconian
 17949 | IceCv    | Killed a white draconian
 19559 | D:14     | Found Iraluibu's Jewellery Boutique.
 19606 | D:14     | Reached skill level 10 in Fighting
 19606 | D:14     | Reached skill level 10 in Throwing
 19609 | D:14     | Found a gate to the Vaults.
 19911 | D:15     | Entered Level 15 of the Dungeon
 20042 | D:15     | Reached XP level 15. HP: 104/115 MP: 31/31
 20067 | D:15     | Learned a level 3 spell: Mephitic Cloud
 20803 | D:15     | Found a staircase to the Depths.
 21084 | D:15     | Found a portal to a secret trove of treasure.
 21270 | Orc:1    | Entered Level 1 of the Orcish Mines
 21479 | Orc:1    | Reached skill level 10 in Short Blades
 21479 | Orc:1    | Reached skill level 10 in Long Blades
 21479 | Orc:1    | Reached skill level 10 in Axes
 21479 | Orc:1    | Reached skill level 10 in Maces & Flails
 21479 | Orc:1    | Reached skill level 10 in Polearms
 21479 | Orc:1    | Reached skill level 10 in Slings
 21479 | Orc:1    | Reached skill level 10 in Bows
 21479 | Orc:1    | Reached skill level 10 in Crossbows
 21479 | Orc:1    | Reached skill level 10 in Dodging
 21479 | Orc:1    | Reached skill level 10 in Stealth
 21479 | Orc:1    | Reached skill level 10 in Shields
 21479 | Orc:1    | Reached skill level 10 in Unarmed Combat
 21479 | Orc:1    | Reached skill level 10 in Spellcasting
 21479 | Orc:1    | Reached skill level 10 in Evocations
 21479 | Orc:1    | Noticed Harold
 21494 | Orc:1    | Killed Harold
 21783 | Orc:2    | Entered Level 2 of the Orcish Mines
 21783 | Orc:2    | Found a staircase to the Elven Halls.
 21789 | Orc:2    | Noticed an orc warlord
 21815 | Orc:2    | Killed an orc warlord
 22206 | Orc:2    | Found a bloodstained altar of Trog.
 22390 | Orc:2    | Reached ****** piety under Qazlal
 22496 | Orc:2    | Found Aproipn's Armour Shoppe.
 22501 | Orc:2    | Found Pemeega's General Store.
 22504 | Orc:2    | Found Hiexakos's Antique Armour Shop.
 22508 | Orc:2    | Found Oggei's Magic Scroll Emporium.
 22530 | Orc:2    | Bought 3 scrolls of holy word for 247 gold pieces
 23264 | Orc:2    | Bought a +3 scale mail of poison resistance for 299 gold
                  | pieces
 23714 | Lair:1   | Entered Level 1 of the Lair of Beasts
 23822 | Lair:1   | Noticed Urug
 23842 | Lair:1   | Killed Urug
 24180 | Lair:1   | Found a dark tunnel.
 24185 | Volcano  | Entered a volcano
 24273 | Volcano  | Reached XP level 16. HP: 122/124 MP: 33/33
 24427 | Volcano  | Found a radiant altar of Vehumet.
 25332 | Lair:2   | Found a hole to the Spider Nest.
 25481 | Lair:2   | Noticed Prince Ribbit
 25489 | Lair:2   | Killed Prince Ribbit
 26683 | Lair:4   | Found a staircase to the Swamp.
 28239 | Lair:5   | Found a staircase to the Slime Pits.
 28537 | Lair:6   | Entered Level 6 of the Lair of Beasts
 28537 | Lair:6   | Noticed Snorg
 28564 | Lair:6   | Killed Snorg
 28584 | Lair:6   | Reached skill level 15 in Armour
 28874 | Lair:6   | Reached XP level 17. HP: 126/132 MP: 35/35
 29477 | Lair:6   | Identified the +0 helmet of a treasure trove {rPois Regen+}
 30436 | D:15     | Identified the +0 pair of boots "Suxoos" {-Tele rElec Str+4
                  | Stlth+}
 30438 | D:15     | Got the Incunabulum of Combat Magic
 30451 | D:15     | Learned a level 5 spell: Freezing Cloud
 30688 | Swamp:1  | Entered Level 1 of the Swamp
 31456 | Swamp:2  | Reached skill level 10 in Conjurations
 31456 | Swamp:2  | Reached skill level 10 in Hexes
 31456 | Swamp:2  | Reached skill level 10 in Summonings
 31456 | Swamp:2  | Reached skill level 10 in Necromancy
 31456 | Swamp:2  | Reached skill level 10 in Translocations
 31456 | Swamp:2  | Reached skill level 10 in Transmutations
 31456 | Swamp:2  | Reached skill level 10 in Fire Magic
 31456 | Swamp:2  | Reached skill level 10 in Ice Magic
 31456 | Swamp:2  | Reached skill level 10 in Air Magic
 31456 | Swamp:2  | Reached skill level 10 in Earth Magic
 31456 | Swamp:2  | Reached skill level 10 in Poison Magic
 31610 | Swamp:2  | Noticed Jorgrun
 31619 | Swamp:2  | Killed Jorgrun
 31668 | Swamp:2  | Found an iron altar of Okawaru.
 31824 | Swamp:2  | Noticed a tentacled monstrosity
 31851 | Swamp:2  | Killed a tentacled monstrosity
 32264 | Swamp:3  | Noticed a tentacled monstrosity
 32381 | Swamp:3  | Killed a tentacled monstrosity
 32393 | Swamp:3  | Reached XP level 18. HP: 36/141 MP: 35/37
 32697 | Swamp:3  | Found a radiant altar of Vehumet.
 33016 | Swamp:4  | Entered Level 4 of the Swamp
 34287 | Swamp:4  | Found a blossoming altar of Fedhas.
 34366 | Swamp:4  | Found a basalt altar of Yredelemnul.
 34392 | Swamp:4  | Got a decaying rune of Zot
 34557 | Spider:1 | Entered Level 1 of the Spider Nest
 34737 | Spider:1 | Noticed Donald
 34743 | Spider:1 | Killed Donald
 35203 | D:14     | Bought a ring of willpower for 450 gold pieces
 36877 | Spider:2 | Reached XP level 19. HP: 98/149 MP: 23/39
 37348 | Spider:3 | Noticed Kirke
 37435 | Spider:3 | Killed Kirke
 38311 | Spider:3 | Identified the +8 dagger "Cikoxy" {vorpal, +Blink Str+2
                  | Int+4}
 38641 | Spider:4 | Entered Level 4 of the Spider Nest
 40486 | Spider:4 | Got a gossamer rune of Zot
 40730 | Spider:4 | Reached XP level 20. HP: 147/158 MP: 36/41
 41272 | Elf:1    | Entered Level 1 of the Elven Halls
 41415 | Elf:1    | Paralysed by an air elemental for 1 turns
 41778 | Elf:1    | Noticed Zenata
 41792 | Elf:1    | Killed Zenata
 41901 | Elf:1    | Noticed Agnes
 41913 | Elf:1    | Killed Agnes
 42475 | Elf:1    | Reached skill level 15 in Staves
 42733 | Elf:1    | Identified the +4 scale mail of the Wilderness {Harm}
 43321 | Elf:2    | Reached skill level 15 in Invocations
 43588 | Elf:2    | Found a runed translucent gate.
 43589 | Elf:2    | Found a runed translucent gate.
 43589 | Elf:2    | Found a runed translucent gate.
 43625 | Elf:2    | HP: 6/159 [+4 battleaxe of electrocution (10)]
 44117 | Elf:2    | Learned a level 5 spell: Yara's Violent Unravelling
 44123 | Elf:2    | Learned a level 5 spell: Borgnjor's Vile Clutch
 44317 | Elf:3    | Entered Level 3 of the Elven Halls
 44417 | Elf:3    | Found a runed translucent gate.
 44417 | Elf:3    | Found a runed translucent gate.
 44417 | Elf:3    | Found a runed translucent gate.
 44417 | Elf:3    | Noticed Dabor's ghost (adept GnWn)
 44551 | Elf:3    | Killed Dabor's ghost
 44776 | Elf:3    | Noticed Asterion
 44797 | Elf:3    | Killed Asterion
 44798 | Elf:3    | Reached XP level 21. HP: 139/166 MP: 14/43
 45127 | Elf:3    | Identified the ring "Ziuzalas" {rF+ Str+6}
 45130 | Elf:3    | Identified the +5 hand axe "Beklimih" {freeze, Fly rPois
                  | rCorr Int-5}
 45199 | Elf:3    | Got the Disquisition on Warped Ice
 45204 | Elf:3    | Learned a level 3 spell: Ignite Poison
 45206 | Elf:3    | Got the Volume of Shape Shifting and the Rocks
 45225 | Elf:3    | Identified the ring "Laalid" {Contam rElec rPois rF+ Int+3}
 45241 | Elf:3    | Got the Guide on Cold and the Arsonist
 45532 | Elf:3    | Found Ofolu's Antique Armour Boutique.
 45574 | Elf:3    | Found Qaatut's Assorted Antiques.
 45586 | Elf:3    | Bought 2 potions of curing for 192 gold pieces
 45586 | Elf:3    | Bought a scroll of fear for 112 gold pieces
 45586 | Elf:3    | Bought a potion of heal wounds for 160 gold pieces
 45666 | Elf:3    | Found Roumatue's Jewellery Boutique.
 46554 | D:6      | Bought a potion of heal wounds for 70 gold pieces
 46554 | D:6      | Bought a potion of curing for 42 gold pieces
 46554 | D:6      | Bought 2 potions of resistance for 280 gold pieces
 46554 | D:6      | Bought a potion of resistance for 140 gold pieces
 46554 | D:6      | Bought a potion of haste for 140 gold pieces
 46711 | Orc:2    | Bought a scroll of enchant armour for 97 gold pieces
 46711 | Orc:2    | Bought a scroll of blinking for 97 gold pieces
 46711 | Orc:2    | Bought a scroll of magic mapping for 45 gold pieces
 46711 | Orc:2    | Bought a scroll of amnesia for 45 gold pieces
 46838 | Vaults:1 | Entered Level 1 of the Vaults
 47243 | Vaults:1 | Found Opibopir's Antique Armour Shoppe.
 47251 | Vaults:1 | Bought a pair of ancient gloves for 370 gold pieces
 47251 | Vaults:1 | Identified the +0 pair of gloves of the Fletcher {+Inv}
                  | (You bought it in a shop on level 1 of the Vaults)
 47407 | Vaults:1 | Found a huge runed gate.
 47407 | Vaults:1 | Found a huge runed gate.
 47407 | Vaults:1 | Found a huge runed gate.
 47407 | Vaults:1 | Found a huge runed gate.
 47407 | Vaults:1 | Found a huge runed gate.
 47408 | Vaults:1 | Found a huge runed gate.
 47408 | Vaults:1 | Found a huge runed gate.
 47408 | Vaults:1 | Found a huge runed gate.
 47408 | Vaults:1 | Found a huge runed gate.
 47410 | Vaults:1 | Found a huge runed gate.
 47410 | Vaults:1 | Found a huge runed gate.
 47410 | Vaults:1 | Found a huge runed gate.
 47410 | Vaults:1 | Found a huge runed gate.
 47410 | Vaults:1 | Found a huge runed gate.
 47410 | Vaults:1 | Found a huge runed gate.
 47411 | Vaults:1 | Found a huge runed gate.
 47412 | Vaults:1 | Found a huge runed gate.
 47413 | Vaults:1 | Found a huge runed gate.
 47421 | Vaults:1 | Found a huge runed gate.
 47421 | Vaults:1 | Found a huge runed gate.
 47421 | Vaults:1 | Found a huge runed gate.
 47421 | Vaults:1 | Found a huge runed gate.
 47421 | Vaults:1 | Found a huge runed gate.
 47421 | Vaults:1 | Found a huge runed gate.
 47422 | Vaults:1 | Found a huge runed gate.
 47423 | Vaults:1 | Found a huge runed gate.
 47424 | Vaults:1 | Found a huge runed gate.
 47432 | Vaults:1 | Found a huge runed gate.
 47432 | Vaults:1 | Found a huge runed gate.
 47432 | Vaults:1 | Found a huge runed gate.
 47432 | Vaults:1 | Found a huge runed gate.
 47432 | Vaults:1 | Found a huge runed gate.
 47432 | Vaults:1 | Found a huge runed gate.
 47433 | Vaults:1 | Found a huge runed gate.
 47434 | Vaults:1 | Found a huge runed gate.
 47435 | Vaults:1 | Found a huge runed gate.
 47459 | Vaults:1 | Noticed Aizul
 47473 | Vaults:1 | Killed Aizul
 48917 | Vaults:2 | Reached skill level 15 in Fighting
 48917 | Vaults:2 | Reached skill level 15 in Throwing
 48978 | Vaults:2 | Found a staircase to the Crypt.
 49047 | Vaults:2 | Reached XP level 22. HP: 173/175 MP: 36/44
 49554 | Vaults:2 | Noticed Margery
 49569 | Vaults:2 | Killed Margery
 49572 | Vaults:2 | Reached skill level 15 in Short Blades
 49572 | Vaults:2 | Reached skill level 15 in Long Blades
 49572 | Vaults:2 | Reached skill level 15 in Axes
 49572 | Vaults:2 | Reached skill level 15 in Maces & Flails
 49572 | Vaults:2 | Reached skill level 15 in Polearms
 49572 | Vaults:2 | Reached skill level 15 in Slings
 49572 | Vaults:2 | Reached skill level 15 in Bows
 49572 | Vaults:2 | Reached skill level 15 in Crossbows
 49572 | Vaults:2 | Reached skill level 15 in Dodging
 49572 | Vaults:2 | Reached skill level 15 in Stealth
 49572 | Vaults:2 | Reached skill level 15 in Shields
 49572 | Vaults:2 | Reached skill level 15 in Unarmed Combat
 49572 | Vaults:2 | Reached skill level 15 in Spellcasting
 49572 | Vaults:2 | Reached skill level 15 in Evocations
 50678 | Vaults:2 | Learned a level 6 spell: Simulacrum
 50761 | Vaults:2 | Identified the +4 kite shield "Boyl Wats" {rPois MP-9 Int+6
                  | Stlth-}
 51778 | Vaults:3 | Found Litwish Tuly's Book Emporium.
 51783 | Vaults:3 | Bought a book of Winter for 612 gold pieces
 51787 | Vaults:3 | Learned a level 3 spell: Ozocubu's Armour
 52995 | Vaults:4 | Reached XP level 23. HP: 53/182 MP: 35/46
 53292 | Vaults:4 | Found Dafias's Distillery.
 53383 | Vaults:4 | Found Cokeaniq's Magic Scroll Boutique.
 53810 | Vaults:4 | Found Heatwi's Weapon Shoppe.
 54192 | Depths:1 | Entered Level 1 of the Depths
 54209 | Depths:1 | Found Gur Nudyro's Antique Weapon Boutique.
 54212 | Depths:1 | Found Edwugg's Book Shop.
 54212 | Depths:1 | Found Sudylap's Distillery.
 54216 | Depths:1 | Found Qan Kivateu's Antique Weapon Shop.
 54368 | Depths:1 | Bought an ichor-stained flail for 340 gold pieces
 54368 | Depths:1 | Identified the +10 flail "With Two Names" {vorpal, Will+}
                  | (You bought it in a shop on level 1 of the Depths)
 54374 | Depths:1 | Found a shadowy altar of Dithmenos.
 54483 | Depths:1 | Found Inymesk's Superior Scales.
 54488 | Depths:1 | Bought the +5 scale mail "Zavoabor" {rF- Will++ MP+9} for
                  | 1013 gold pieces
 54584 | Depths:1 | Found Ficvabbo's Antique Armour Shop.
 54735 | Depths:1 | Found a gateway to Hell.
 55057 | Depths:1 | Found a one-way gate leading to the halls of Pandemonium.
 55277 | Depths:2 | Paralysed by a floating eye for 2 turns
 55659 | Depths:2 | Found a one-way gateway to a ziggurat.
 55828 | Depths:2 | Found an ornate altar of the Wu Jian Council.
 55885 | Depths:2 | Found a one-way gate to the infinite horrors of the Abyss.
 56865 | Depths:3 | Found a radiant altar of Vehumet.
 56869 | Depths:3 | Found a shadowy altar of Dithmenos.
 57106 | Depths:3 | Found a stormy altar of Qazlal.
 57499 | Depths:3 | Noticed a golden dragon
 57506 | Depths:3 | Reached XP level 24. HP: 168/191 MP: 47/47
 57596 | Depths:3 | Noticed a caustic shrike
 57617 | Depths:3 | Killed a caustic shrike
 57660 | Depths:3 | Noticed a juggernaut
 57688 | Depths:3 | Killed a juggernaut
 57762 | Depths:3 | Noticed a juggernaut
 57808 | Depths:3 | Killed a juggernaut
 58087 | Depths:3 | Noticed a juggernaut
 58127 | Depths:3 | Killed a juggernaut
 58342 | Depths:3 | Noticed a caustic shrike
 58355 | Depths:3 | Killed a caustic shrike
 58460 | Depths:3 | Noticed a juggernaut
 58493 | Depths:3 | Killed a juggernaut
 58668 | Depths:3 | Identified the +1 crystal plate armour of Terror {Fly rF-
                  | Str+9 Dex-2}
 58961 | Depths:4 | Entered Level 4 of the Depths
 58962 | Depths:4 | Noticed a caustic shrike
 58962 | Depths:4 | Noticed a caustic shrike
 58962 | Depths:4 | Noticed a caustic shrike
 58962 | Depths:4 | Noticed a caustic shrike
 58963 | Depths:4 | Noticed a caustic shrike
 59019 | Depths:4 | Noticed Xtahua
 59036 | Depths:4 | Killed Xtahua
 59239 | Depths:3 | Killed a caustic shrike
 59767 | Depths:3 | Killed a caustic shrike
 59784 | Depths:3 | Killed a caustic shrike
 59790 | Depths:3 | Killed a caustic shrike
 59835 | Depths:4 | Killed a caustic shrike
 59984 | Depths:4 | Found a gate to the Realm of Zot.
 60100 | Depths:4 | Found a transporter.
 60157 | Depths:4 | Found a transporter.
 60157 | Depths:4 | Found a transporter.
 60199 | Depths:4 | Found a transporter.
 60305 | Depths:4 | Noticed the Enchantress
 60330 | Depths:4 | Killed the Enchantress
 60706 | Depths:4 | Found a transporter.
 60707 | Depths:4 | Found a transporter.
 61268 | Vaults:5 | Entered Level 5 of the Vaults
 61277 | Vaults:5 | Reached XP level 25. HP: 167/200 MP: 48/48
 61378 | Vaults:5 | Noticed a dread lich
 61398 | Vaults:5 | Killed a dread lich
 61655 | Vaults:5 | Found Kymnaph's Book Boutique.
 61856 | Vaults:5 | Noticed an ancient lich
 61877 | Vaults:5 | Killed an ancient lich
 61977 | Vaults:5 | Learned a level 7 spell: Enfeeble
 62152 | Vaults:5 | Found Cunefu's Jewellery Shoppe.
 62190 | Vaults:5 | Identified the +5 war axe of Loving Instant Death {vorpal,
                  | Int+2 Dex+3}
 62431 | Vaults:5 | Got a silver rune of Zot
 63149 | D:15     | You paid a toll of +2 gold dragon scales to enter a
                  | treasure trove
 63150 | Trove    | Entered a treasure trove
 63178 | Trove    | Identified the amulet of Juff {RegenMP rC+ rN+ Regen+ SInv}
 63181 | Trove    | Identified the amulet "Xampeump" {Reflect Contam rF+ Will++
                  | SH+5 SInv}
 63317 | D:15     | Reached XP level 26. HP: 209/209 MP: 48/48
 63327 | D:15     | Learned a level 8 spell: Borgnjor's Revivification
 63940 | Slime:1  | Entered Level 1 of the Pits of Slime
 64169 | Slime:2  | Gained mutation: Your body sometimes deteriorates upon
                  | taking damage. [a shining eye]
 64173 | Slime:2  | Noticed Dissolution
 64198 | Slime:1  | Killed Dissolution
 64930 | Slime:3  | Reached XP level 27. HP: 79/216 MP: 47/48
 65832 | Slime:5  | Entered Level 5 of the Pits of Slime
 65876 | Slime:5  | Noticed the Royal Jelly
 65905 | Slime:4  | Reached skill level 15 in Conjurations
 65905 | Slime:4  | Reached skill level 15 in Hexes
 65905 | Slime:4  | Reached skill level 15 in Summonings
 65905 | Slime:4  | Reached skill level 15 in Necromancy
 65905 | Slime:4  | Reached skill level 15 in Translocations
 65905 | Slime:4  | Reached skill level 15 in Transmutations
 65905 | Slime:4  | Reached skill level 15 in Fire Magic
 65905 | Slime:4  | Reached skill level 15 in Ice Magic
 65905 | Slime:4  | Reached skill level 15 in Air Magic
 65905 | Slime:4  | Reached skill level 15 in Earth Magic
 65905 | Slime:4  | Reached skill level 15 in Poison Magic
 66056 | Slime:5  | Found a viscous altar of Jiyva.
 66064 | Slime:5  | Fell from the grace of Qazlal
 66064 | Slime:5  | Became a worshipper of Jiyva Jocid the Shapeless
 66341 | Temple   | Entered the Ecumenical Temple
 66844 | Zot:1    | Entered Level 1 of the Realm of Zot
 67531 | Zot:1    | Reached * piety under Jiyva
 68396 | Zot:2    | Reached ** piety under Jiyva
 70298 | Elf:3    | Bought the +2 shield of Resistance {rF++ rC++ Will++} for
                  | 2466 gold pieces
 70298 | Elf:3    | Found the +2 shield of Resistance {rF++ rC++ Will++}
 70717 | Depths:2 | Voluntarily entered the Abyss.
 70726 | Abyss:1  | Learned a level 7 spell: Ozocubu's Refrigeration
 71017 | Abyss:2  | Noticed an ancient lich
 71436 | Abyss:4  | Found a sparkling altar of Nemelex Xobeh.
 71518 | Abyss:4  | Noticed an ancient lich
 71535 | Abyss:4  | Paralysed by accursed screaming for 1 turns
 71637 | Abyss:4  | Found a corrupted altar of Lugonu.
 71679 | Abyss:4  | Found a corrupted altar of Lugonu.
 71822 | Abyss:5  | Entered Level 5 of the Abyss
 71871 | Abyss:5  | Found a transporter.
 71944 | Abyss:5  | Found a corrupted altar of Lugonu.
 71971 | Abyss:5  | Got an abyssal rune of Zot
 71974 | Depths:2 | Escaped the Abyss
 72214 | Crypt:1  | Entered Level 1 of the Crypt
 72599 | Crypt:1  | Reached *** piety under Jiyva
 72599 | Crypt:1  | Lost mutation: Your body sometimes deteriorates upon taking
                  | damage. [Jiyva's grace]
 72599 | Crypt:1  | Lost mutation: You have an increased reservoir of magic.
                  | (+10% MP) [Jiyva's grace]
 72599 | Crypt:1  | Lost mutation: You expend magic power (3 MP) to strengthen
                  | your wands. [Jiyva's grace]
 72599 | Crypt:1  | Gained mutation: You possess an exceptional clarity of
                  | mind. [Jiyva's grace]
 72599 | Crypt:1  | Gained mutation: Your rubbery body absorbs attacks. (AC +1,
                  | EV +1) [Jiyva's grace]
 72599 | Crypt:1  | Gained mutation: Your pliable body absorbs attacks. (AC +2,
                  | EV +2) [Jiyva's grace]
 72599 | Crypt:1  | Gained mutation: Your gelatinous body deflects attacks. (AC
                  | +3, EV +3) [Jiyva's grace]
 73138 | Crypt:2  | Reached **** piety under Jiyva
 73257 | Crypt:2  | Identified the +6 longbow of Chaos {flame, Will+ Str+9
                  | Int+3 Stlth+}
 73315 | Crypt:2  | Noticed Boris
 73331 | Crypt:2  | Killed Boris
 73517 | Crypt:2  | Noticed Jory
 73538 | Crypt:2  | Killed Jory
 73646 | Crypt:2  | Learned a level 6 spell: Starburst
 73767 | Crypt:3  | Entered Level 3 of the Crypt
 74024 | Hell     | Entered the Vestibule of Hell
 74024 | Hell     | Noticed Geryon
 74040 | Hell     | Killed Geryon
 74766 | Crypt:3  | Lost mutation: Your gelatinous body deflects attacks. (AC
                  | +3, EV +3) [Jiyva's grace]
 74766 | Crypt:3  | Gained mutation: Your translucent skin slightly reduces
                  | your foes' accuracy. (Stealth+) [Jiyva's grace]
 74766 | Crypt:3  | Gained mutation: Your translucent skin reduces your foes'
                  | accuracy. (Stealth+) [Jiyva's grace]
 74766 | Crypt:3  | Gained mutation: Your transparent skin significantly
                  | reduces your foes' accuracy. (Stealth+) [Jiyva's grace]
 74766 | Crypt:3  | Gained mutation: You passively map a small area around you.
                  | [Jiyva's grace]
 75130 | Crypt:3  | Was forgiven by Qazlal
 75155 | Crypt:3  | Reached ***** piety under Jiyva
 75954 | Crypt:3  | Found a staircase to the Tomb.
 76035 | Crypt:3  | Noticed a dread lich
 76049 | Crypt:3  | Killed a dread lich
 76077 | Crypt:3  | Identified the +1 robe of the Exiled Songs {Rampage}
 76089 | Crypt:3  | Got Sif Muna's Disquisition on Shape Shifting
 76291 | Tomb:1   | Entered Level 1 of the Tomb of the Ancients
 76781 | Tomb:1   | Noticed a royal mummy
 76814 | Tomb:1   | Learned a level 8 spell: Necromutation
 76881 | Tomb:1   | Killed a royal mummy
 77052 | Tomb:1   | Noticed a royal mummy
 77085 | Tomb:1   | Killed a royal mummy
 77939 | Zot:3    | Lost mutation: You are somewhat resistant to further
                  | mutation. [Jiyva's grace]
 77939 | Zot:3    | Lost mutation: You passively map a small area around you.
                  | [Jiyva's grace]
 77939 | Zot:3    | Lost mutation: Your pliable body absorbs attacks. (AC +2,
                  | EV +2) [Jiyva's grace]
 77939 | Zot:3    | Lost mutation: Your rubbery body absorbs attacks. (AC +1,
                  | EV +1) [Jiyva's grace]
 77939 | Zot:3    | Gained mutation: You are agile. (Dex +2) [Jiyva's grace]
 77939 | Zot:3    | Gained mutation: You are very agile. (Dex +4) [Jiyva's
                  | grace]
 77939 | Zot:3    | Gained mutation: You are covered in slimy tendrils that may
                  | disarm your opponents. [Jiyva's grace]
 77939 | Zot:3    | Gained mutation: Your muscles are strong. (Str +2) [Jiyva's
                  | grace]
 78505 | Zot:3    | You fall into a shaft and drop 1 floor!
 78513 | Zot:4    | Found the +4 dragonskin cloak
 78513 | Zot:4    | Noticed Tiamat
 78558 | Zot:4    | Killed Tiamat
 79007 | Zot:4    | Reached ****** piety under Jiyva
 80183 | D:11     | Killed nano's ghost
 80508 | Slime:5  | Got Ceogg's Guide on Transmigration and Combat Magic
 80525 | Slime:5  | Got a slimy rune of Zot
 80527 | Slime:5  | Identified the +1 mace "Cafrurergh" {flame, Str-2 Int+6
                  | Stlth+}
 80536 | Slime:5  | Identified the +8 plate armour "Gits" {Int+6}
 80539 | Slime:5  | Got Sif Muna's Catalogue of Captivating Earth
 80542 | Slime:5  | Identified the +6 long sword of Cowardice {speed, *Noise
                  | Will++ Int-2 Stlth+}
 80579 | Slime:5  | Learned a level 8 spell: Infestation
 80815 | Slime:5  | Identified the +10 short sword of Poaff {vorpal, Dex+3}
 81802 | Depths:1 | Bought a shimmering scale mail for 315 gold pieces
 81802 | Depths:1 | Identified the +2 scale mail "Tylifof" {rElec rN+++ Int-3
                  | SInv} (You bought it in a shop on level 1 of the Depths)
 81802 | Depths:1 | Bought a faintly humming scale mail for 315 gold pieces
 81802 | Depths:1 | Identified the +4 scale mail "Kuumy" {Str+3} (You bought it
                  | in a shop on level 1 of the Depths)
 81802 | Depths:1 | Bought a scorched scale mail for 315 gold pieces
 81802 | Depths:1 | Identified the +5 scale mail of Ocuaff {rCorr MP+9 Int+3}
                  | (You bought it in a shop on level 1 of the Depths)
 81855 | Depths:1 | Bought a potion of haste for 190 gold pieces
 81855 | Depths:1 | Bought a potion of curing for 57 gold pieces
 82057 | Pan      | Entered Pandemonium
 82313 | Pan      | Lost mutation: You possess an exceptional clarity of mind.
                  | [Jiyva's grace]
 82313 | Pan      | Lost mutation: Your transparent skin significantly reduces
                  | your foes' accuracy. (Stealth+) [Jiyva's grace]
 82313 | Pan      | Gained mutation: You have sharp toenails. [Jiyva's grace]
 82313 | Pan      | Gained mutation: You have razor-sharp toenails. [Jiyva's
                  | grace]
 82313 | Pan      | Gained mutation: You have claws for feet. [Jiyva's grace]
 82313 | Pan      | Gained mutation: You have a pair of small horns on your
                  | head. [Jiyva's grace]
 82330 | Pan      | Lost mutation: Your translucent skin reduces your foes'
                  | accuracy. (Stealth+) [potion of mutation]
 82330 | Pan      | Lost mutation: Your mind is acute. (Int +2) [potion of
                  | mutation]
 82331 | Pan      | Lost mutation: Your translucent skin slightly reduces your
                  | foes' accuracy. (Stealth+) [potion of mutation]
 82331 | Pan      | Lost mutation: You are partially covered in iridescent
                  | scales. (AC +2) [potion of mutation]
 82331 | Pan      | Gained mutation: Your spells are a little easier to cast,
                  | but a little less powerful. [potion of mutation]
 82331 | Pan      | Gained mutation: Your muscles are very strong. (Str +4)
                  | [potion of mutation]
 82332 | Pan      | Lost mutation: Your muscles are very strong. (Str +4)
                  | [potion of mutation]
 82332 | Pan      | Lost mutation: You are very agile. (Dex +4) [potion of
                  | mutation]
 82332 | Pan      | Gained mutation: You are partially covered in iridescent
                  | scales. (AC +2) [potion of mutation]
 82333 | Pan      | Lost mutation: You are partially covered in iridescent
                  | scales. (AC +2) [potion of mutation]
 82333 | Pan      | Lost mutation: Your spells are a little easier to cast, but
                  | a little less powerful. [potion of mutation]
 82333 | Pan      | Gained mutation: You sometimes lose the ability to read
                  | scrolls when taking damage. [potion of mutation]
 82333 | Pan      | Gained mutation: Your muscles are very strong. (Str +4)
                  | [potion of mutation]
 82334 | Pan      | Lost mutation: You sometimes lose the ability to read
                  | scrolls when taking damage. [potion of mutation]
 82334 | Pan      | Lost mutation: Your muscles are very strong. (Str +4)
                  | [potion of mutation]
 82334 | Pan      | Lost mutation: Your muscles are strong. (Str +2) [potion of
                  | mutation]
 82334 | Pan      | Gained mutation: Your movements are slightly less
                  | encumbered by armour. (ER -2) [potion of mutation]
 82334 | Pan      | Lost mutation: You are agile. (Dex +2) [potion of mutation]
 82334 | Pan      | Gained mutation: Your movements are less encumbered by
                  | armour. (ER -4) [potion of mutation]
 82334 | Pan      | Gained mutation: You are partially covered in iridescent
                  | scales. (AC +2) [potion of mutation]
 82335 | Pan      | Lost mutation: You are covered in slimy tendrils that may
                  | disarm your opponents. [potion of mutation]
 82335 | Pan      | Lost mutation: You have a pair of small horns on your head.
                  | [potion of mutation]
 82335 | Pan      | Lost mutation: You have claws for feet. [potion of
                  | mutation]
 82335 | Pan      | Gained mutation: You have a pair of small horns on your
                  | head. [potion of mutation]
 82335 | Pan      | Gained mutation: You are dopey. (Int -2) [potion of
                  | mutation]
 82335 | Pan      | Lost mutation: Your movements are less encumbered by
                  | armour. (ER -4) [potion of mutation]
 82335 | Pan      | Gained mutation: You possess an exceptional clarity of
                  | mind. [potion of mutation]
 82412 | Pan      | Noticed Yhou the pandemonium lord
 82437 | Pan      | Cast into level 4 of the Abyss (Yhou)
 82456 | Pan      | Escaped the Abyss
 82459 | Pan      | Killed Yhou the pandemonium lord
 83032 | Pan      | Gained mutation: Armour fits poorly on your strangely
                  | shaped body. [mutagenic glow]
 83120 | Pan      | Gained mutation: Your magical capacity is low. (-10% MP)
                  | [mutagenic glow]
 83132 | Pan      | Gained mutation: You occasionally shout uncontrollably at
                  | your foes. [mutagenic glow]
 83159 | Pan      | Gained mutation: Your body sometimes deteriorates upon
                  | taking damage. [mutagenic glow]
 83180 | Pan      | Gained mutation: Your body often deteriorates upon taking
                  | damage. [mutagenic glow]
 83378 | Pan      | Identified the +3 scimitar "Orb Guardian's Bane" {venom,
                  | Dex+3}
 83409 | Pan      | Gained mutation: You are very dopey. (Int -4) [mutagenic
                  | glow]
 83540 | Pan      | Found a runed translucent door.
 83560 | Pan      | Noticed Tadwif the pandemonium lord
 84066 | Pan      | Lost mutation: You have razor-sharp toenails. [potion of
                  | mutation]
 84066 | Pan      | Lost mutation: You have sharp toenails. [potion of
                  | mutation]
 84066 | Pan      | Gained mutation: You have a pair of horns on your head.
                  | [potion of mutation]
 84067 | Pan      | Lost mutation: You possess an exceptional clarity of mind.
                  | [potion of mutation]
 84067 | Pan      | Lost mutation: You occasionally shout uncontrollably at
                  | your foes. [potion of mutation]
 84067 | Pan      | Lost mutation: You have a pair of horns on your head.
                  | [potion of mutation]
 84067 | Pan      | Gained mutation: Your flesh is heat resistant. (rF+)
                  | [potion of mutation]
 84068 | Pan      | Lost mutation: Armour fits poorly on your strangely shaped
                  | body. [potion of mutation]
 84068 | Pan      | Lost mutation: Your magical capacity is low. (-10% MP)
                  | [potion of mutation]
 84068 | Pan      | Lost mutation: You have a pair of small horns on your head.
                  | [potion of mutation]
 84068 | Pan      | Gained mutation: Armour fits poorly on your strangely
                  | shaped body. [potion of mutation]
 84069 | Pan      | Lost mutation: Your body often deteriorates upon taking
                  | damage. [potion of mutation]
 84069 | Pan      | Lost mutation: Your body sometimes deteriorates upon taking
                  | damage. [potion of mutation]
 84069 | Pan      | Gained mutation: Your spells are a little harder to cast,
                  | but a little more powerful. [potion of mutation]
 84069 | Pan      | Gained mutation: You are somewhat resistant to further
                  | mutation. [potion of mutation]
 84069 | Pan      | Gained mutation: A frigid envelope surrounds you and
                  | freezes all who hurt you. [potion of mutation]
 84902 | Pan      | Killed Tadwif the pandemonium lord
 85452 | Pan      | Noticed Mennas
 85486 | Pan      | Killed Mennas
 85499 | Pan      | Noticed Jutse the pandemonium lord
 85514 | Pan      | Killed Jutse the pandemonium lord
 85720 | Pan      | Identified the +4 scythe of Dissolution {vorpal, rElec rF+
                  | MP+9}
 85860 | Pan      | Lost mutation: Armour fits poorly on your strangely shaped
                  | body. [Jiyva's grace]
 85860 | Pan      | Lost mutation: You are very dopey. (Int -4) [Jiyva's grace]
 85860 | Pan      | Lost mutation: You are dopey. (Int -2) [Jiyva's grace]
 85860 | Pan      | Lost mutation: Your flesh is heat resistant. (rF+) [Jiyva's
                  | grace]
 85860 | Pan      | Lost mutation: A frigid envelope surrounds you and freezes
                  | all who hurt you. [Jiyva's grace]
 85860 | Pan      | Gained mutation: Your melee attacks may engulf your foes in
                  | ooze. [Jiyva's grace]
 85860 | Pan      | Gained mutation: You are covered in fur. (AC +1) [Jiyva's
                  | grace]
 85860 | Pan      | Gained mutation: You are covered in thick fur. (AC +2)
                  | [Jiyva's grace]
 85860 | Pan      | Gained mutation: Your thick and shaggy fur keeps you warm.
                  | (AC +3, rC+) [Jiyva's grace]
 86169 | Pan      | Entered the realm of Gloorx Vloq.
 86270 | Pan      | Identified the +3 trident of Hola {venom, Contam rCorr
                  | Dex+6}
 86276 | Pan      | Acquired the +2 pair of gloves of Maegaxoc {rElec rC+}
 86297 | Pan      | Found an exit through the horrors of the Abyss.
 86728 | Pan      | Was placed under penance by Jiyva
 86938 | Pan      | Noticed Gloorx Vloq
 87370 | Pan      | Killed Gloorx Vloq
 87377 | Pan      | Got a dark rune of Zot
 87504 | Pan      | Was forgiven by Jiyva
 88437 | Pan      | Noticed Inteoq the pandemonium lord
 88455 | Pan      | Killed Inteoq the pandemonium lord
 89751 | Pan      | Lost mutation: Your thick and shaggy fur keeps you warm.
                  | (AC +3, rC+) [Jiyva's grace]
 89751 | Pan      | Lost mutation: You are covered in thick fur. (AC +2)
                  | [Jiyva's grace]
 89751 | Pan      | Lost mutation: Your spells are a little harder to cast, but
                  | a little more powerful. [Jiyva's grace]
 89751 | Pan      | Lost mutation: Your movements are slightly less encumbered
                  | by armour. (ER -2) [Jiyva's grace]
 89751 | Pan      | Gained mutation: You expend magic power (3 MP) to
                  | strengthen your wands. [Jiyva's grace]
 89751 | Pan      | Gained mutation: You possess an exceptional clarity of
                  | mind. [Jiyva's grace]
 89751 | Pan      | Gained mutation: Your rubbery body absorbs attacks. (AC +1,
                  | EV +1) [Jiyva's grace]
 89751 | Pan      | Gained mutation: Your pliable body absorbs attacks. (AC +2,
                  | EV +2) [Jiyva's grace]
 89837 | Pan      | Noticed Fuzoroi the pandemonium lord
 89847 | Pan      | Killed Fuzoroi the pandemonium lord
 90116 | Depths:1 | Escaped Pandemonium
 90637 | Pan      | Entered the realm of Cerebov.
 90637 | Pan      | Entered Pandemonium
 90939 | Pan      | Got Sif Muna's Disquisition on the Venomous Volcanoes
 90940 | Pan      | Identified the +7 scimitar of Peace {flame, +Blink rElec
                  | Str-5 Stlth+}
 91196 | Pan      | Got Pieruh's Catalogue of the Arsonist and Companions
 91212 | Pan      | Identified the +5 long sword of Niasawn {venom, Str+4}
 91225 | Pan      | Learned a level 8 spell: Ignition
 91308 | Pan      | Identified the +1 hand axe "Yjonotosei" {speed, rF+ Int+2}
 91339 | Pan      | Learned a level 7 spell: Spellforged Servitor
 91459 | Pan      | Learned a level 7 spell: Orb of Destruction
 91475 | Pan      | Found the +6 sword of Cerebov {flame}
 91475 | Pan      | Noticed Cerebov
 91519 | Pan      | Killed Cerebov
 91598 | Pan      | Got a fiery rune of Zot
 92636 | Pan      | Identified the +7 halberd of the Twenty Runes {vorpal, rF-
                  | rC+ rN+ Will+}
 92954 | Pan      | Lost mutation: You are partially covered in iridescent
                  | scales. (AC +2) [Jiyva's grace]
 92954 | Pan      | Lost mutation: You are covered in fur. (AC +1) [Jiyva's
                  | grace]
 92954 | Pan      | Lost mutation: Your pliable body absorbs attacks. (AC +2,
                  | EV +2) [Jiyva's grace]
 92954 | Pan      | Gained mutation: You have a pair of small horns on your
                  | head. [Jiyva's grace]
 92954 | Pan      | Gained mutation: You have a pair of horns on your head.
                  | [Jiyva's grace]
 92954 | Pan      | Gained mutation: You have a pair of large horns on your
                  | head. [Jiyva's grace]
 92954 | Pan      | Gained mutation: You are agile. (Dex +2) [Jiyva's grace]
 92970 | Pan      | Lost mutation: Your rubbery body absorbs attacks. (AC +1,
                  | EV +1) [potion of mutation]
 92970 | Pan      | Lost mutation: Your melee attacks may engulf your foes in
                  | ooze. [potion of mutation]
 92970 | Pan      | Gained mutation: Your flesh is cold resistant. (rC+)
                  | [potion of mutation]
 92970 | Pan      | Gained mutation: Your flesh is heat resistant. (rF+)
                  | [potion of mutation]
 92971 | Pan      | Lost mutation: You are somewhat resistant to further
                  | mutation. [potion of mutation]
 92971 | Pan      | Lost mutation: You have a pair of large horns on your head.
                  | [potion of mutation]
 92971 | Pan      | Lost mutation: You possess an exceptional clarity of mind.
                  | [potion of mutation]
 92971 | Pan      | Gained mutation: Potions are less effective at restoring
                  | your health. [potion of mutation]
 92971 | Pan      | Gained mutation: You sometimes lose the ability to read
                  | scrolls when taking damage. [potion of mutation]
 92972 | Pan      | Lost mutation: Your flesh is cold resistant. (rC+) [potion
                  | of mutation]
 92972 | Pan      | Lost mutation: You expend magic power (3 MP) to strengthen
                  | your wands. [potion of mutation]
 92972 | Pan      | Lost mutation: Potions are less effective at restoring your
                  | health. [potion of mutation]
 92972 | Pan      | Gained mutation: You have a somewhat thin skeletal
                  | structure. (Dex +2, Stealth+) [potion of mutation]
 92972 | Pan      | Lost mutation: You have a somewhat thin skeletal structure.
                  | (Dex +2, Stealth+) [potion of mutation]
 92972 | Pan      | Gained mutation: Armour fits poorly on your strangely
                  | shaped body. [potion of mutation]
 92972 | Pan      | Gained mutation: Your spells are a little harder to cast,
                  | but a little more powerful. [potion of mutation]
 92973 | Pan      | Lost mutation: You are agile. (Dex +2) [potion of mutation]
 92973 | Pan      | Lost mutation: You sometimes lose the ability to read
                  | scrolls when taking damage. [potion of mutation]
 92973 | Pan      | Lost mutation: You have a pair of horns on your head.
                  | [potion of mutation]
 92973 | Pan      | Gained mutation: Your natural rate of healing is unusually
                  | fast. [potion of mutation]
 92973 | Pan      | Gained mutation: You are strong-willed. (Will+) [potion of
                  | mutation]
 92973 | Pan      | Gained mutation: You are partially covered in iridescent
                  | scales. (AC +2) [potion of mutation]
 93179 | Pan      | Noticed Zutaobadd the pandemonium lord
 93213 | Pan      | Killed Zutaobadd the pandemonium lord
 93259 | Pan      | Got a demonic rune of Zot
 94173 | Pan      | Found an exit through the horrors of the Abyss.
 94241 | Pan      | Noticed Vomuidoa the pandemonium lord
 94259 | Pan      | Killed Vomuidoa the pandemonium lord
 95084 | Pan      | Found an exit through the horrors of the Abyss.
 95124 | Pan      | Lost mutation: You have a pair of small horns on your head.
                  | [Jiyva's grace]
 95124 | Pan      | Gained mutation: Your body has grown eyes which may confuse
                  | attackers. (Acc +3) [Jiyva's grace]
 95124 | Pan      | Gained mutation: Your body has grown many eyes which may
                  | confuse attackers. (Acc +5) [Jiyva's grace]
 95124 | Pan      | Gained mutation: Your body is covered in eyes which may
                  | confuse attackers. (Acc +7, SInv) [Jiyva's grace]
 95124 | Pan      | Gained mutation: You are agile. (Dex +2) [Jiyva's grace]
 95278 | Pan      | Noticed Jeas the pandemonium lord
 95390 | Pan      | Killed Jeas the pandemonium lord
 95579 | Pan      | Gained mutation: Your body sometimes deteriorates upon
                  | taking damage. [a cacodemon]
 95623 | Pan      | Identified the +5 war axe of Wonderful Tender Mercy {holy,
                  | Fragile Int+5}
 96259 | Pan      | Identified the +7 hand crossbow "Ylugipp" {vorpal, rN+}
 96363 | Pan      | Noticed Wick the pandemonium lord
 96381 | Pan      | Killed Wick the pandemonium lord
 97110 | Pan      | Lost mutation: Armour fits poorly on your strangely shaped
                  | body. [Jiyva's grace]
 97110 | Pan      | Lost mutation: Your body is covered in eyes which may
                  | confuse attackers. (Acc +7, SInv) [Jiyva's grace]
 97110 | Pan      | Gained mutation: You are robust. (+10% HP) [Jiyva's grace]
 97110 | Pan      | Gained mutation: You are very robust. (+20% HP) [Jiyva's
                  | grace]
 97110 | Pan      | Gained mutation: You are extremely robust. (+30% HP)
                  | [Jiyva's grace]
 97110 | Pan      | Gained mutation: You are very agile. (Dex +4) [Jiyva's
                  | grace]
 97289 | Pan      | Noticed Mafickupp the pandemonium lord
 97311 | Pan      | Killed Mafickupp the pandemonium lord
 97777 | Pan      | Found a runed translucent door.
 97785 | Pan      | Found a runed translucent door.
 97858 | Pan      | Found a runed translucent door.
 97858 | Pan      | Noticed Cokliun the pandemonium lord
 97865 | Pan      | Killed Cokliun the pandemonium lord
 97880 | Pan      | Found a runed translucent door.
 98035 | Pan      | Identified the +4 ring mail of the Locust {*Slow rCorr
                  | Dex-2 Slay+5}
 98091 | Pan      | Noticed Bifira the pandemonium lord
 98092 | Pan      | Killed Bifira the pandemonium lord
 98141 | Depths:1 | Escaped Pandemonium
 98618 | Hell     | Found a gateway to the freezing wastes of Cocytus.
 98729 | Hell     | Found a gateway to the ashen valley of Gehenna.
 98913 | Hell     | Found a gateway to the decaying netherworld of Tartarus.
 98972 | Hell     | Found a gateway to the Iron City of Dis.
 99348 | D:14     | Bought the ring of Shadows {Umbra +Inv Stlth+} for 720 gold
                  | pieces
 99348 | D:14     | Found the ring of Shadows {Umbra +Inv Stlth+}
 99593 | Tar:1    | Entered Level 1 of Tartarus
100468 | Tar:6    | Gained mutation: You are weak. (Str -2) [mutagenic glow]
100619 | Tar:7    | Entered Level 7 of Tartarus
100979 | Tar:7    | Noticed Ereshkigal
100995 | Tar:7    | Paralysed by Ereshkigal for 4 turns
101220 | Tar:7    | Identified the +8 quarterstaff of the First Mice {distort,
                  | rElec rC+ rN+++ Will-}
101221 | Tar:7    | Identified the ring "Vumonu" {Fire rPois SInv}
101690 | Pan      | Entered Pandemonium
101764 | Pan      | Lost mutation: You are very agile. (Dex +4) [Jiyva's grace]
101764 | Pan      | Lost mutation: Your body sometimes deteriorates upon taking
                  | damage. [Jiyva's grace]
101764 | Pan      | Lost mutation: You are extremely robust. (+30% HP) [Jiyva's
                  | grace]
101764 | Pan      | Lost mutation: You are very robust. (+20% HP) [Jiyva's
                  | grace]
101764 | Pan      | Lost mutation: Your body has grown many eyes which may
                  | confuse attackers. (Acc +5) [Jiyva's grace]
101764 | Pan      | Lost mutation: Your body has grown eyes which may confuse
                  | attackers. (Acc +3) [Jiyva's grace]
101764 | Pan      | Gained mutation: You have a small jelly attached to you
                  | that may absorb projectiles. [Jiyva's grace]
101764 | Pan      | Gained mutation: You are very robust. (+20% HP) [Jiyva's
                  | grace]
101764 | Pan      | Gained mutation: You are extremely robust. (+30% HP)
                  | [Jiyva's grace]
101764 | Pan      | Gained mutation: You possess an exceptional clarity of
                  | mind. [Jiyva's grace]
102058 | Pan      | Noticed Vido the pandemonium lord
102072 | Pan      | Killed Vido the pandemonium lord
102079 | Pan      | Identified the +8 plate armour of Ciasetz {Dex+4}
102227 | Pan      | Noticed Iczoffar the pandemonium lord
102248 | Pan      | Killed Iczoffar the pandemonium lord
102612 | Pan      | Found an exit through the horrors of the Abyss.
102775 | Pan      | Noticed Buxzek the pandemonium lord
102785 | Pan      | Killed Buxzek the pandemonium lord
102890 | Pan      | Entered the realm of Lom Lobon.
102990 | Pan      | Noticed Lom Lobon
102997 | Pan      | Killed Lom Lobon
103000 | Pan      | Got a magical rune of Zot
103179 | Pan      | Found an exit through the horrors of the Abyss.
103183 | Pan      | Lost mutation: Your flesh is heat resistant. (rF+) [Jiyva's
                  | grace]
103183 | Pan      | Lost mutation: You are weak. (Str -2) [Jiyva's grace]
103183 | Pan      | Lost mutation: You have a small jelly attached to you that
                  | may absorb projectiles. [Jiyva's grace]
103183 | Pan      | Gained mutation: Your spells are harder to cast, but more
                  | powerful. [Jiyva's grace]
103183 | Pan      | Gained mutation: Your spells are much harder to cast, but
                  | much more powerful. [Jiyva's grace]
103183 | Pan      | Gained mutation: You are mostly covered in iridescent
                  | scales. (AC +4) [Jiyva's grace]
103183 | Pan      | Gained mutation: You are completely covered in iridescent
                  | scales. (AC +6) [Jiyva's grace]
103406 | Pan      | Entered the realm of Mnoleg.
103508 | Pan      | Noticed Mnoleg
103526 | Pan      | Gained mutation: Your magical capacity is low. (-10% MP)
                  | [Mnoleg's mutagenic touch]
103532 | Pan      | Killed Mnoleg
103584 | Pan      | Got a glowing rune of Zot
103967 | Pan      | Noticed Hofikkih the pandemonium lord
103983 | Pan      | Killed Hofikkih the pandemonium lord
104381 | Pan      | Identified the +0 tower shield of Polytheism {Fly}
104432 | Pan      | Found a glowing silver altar of Zin.
104537 | Pan      | Lost mutation: You are completely covered in iridescent
                  | scales. (AC +6) [Jiyva's grace]
104537 | Pan      | Lost mutation: Your magical capacity is low. (-10% MP)
                  | [Jiyva's grace]
104537 | Pan      | Lost mutation: Your spells are much harder to cast, but
                  | much more powerful. [Jiyva's grace]
104537 | Pan      | Gained mutation: You have a small jelly attached to you
                  | that may absorb projectiles. [Jiyva's grace]
104537 | Pan      | Gained mutation: Your muscles are strong. (Str +2) [Jiyva's
                  | grace]
104537 | Pan      | Gained mutation: Your muscles are very strong. (Str +4)
                  | [Jiyva's grace]
104537 | Pan      | Gained mutation: Your flesh is cold resistant. (rC+)
                  | [Jiyva's grace]
104797 | Pan      | Found a white marble altar of Elyvilon.
105263 | Pan      | Identified the ring of Vanity {Fly rF+ Dex+5}
105263 | Pan      | Noticed a seraph
105268 | Pan      | Found a glowing golden altar of the Shining One.
105268 | Pan      | Identified the +6 long sword of Causality {antimagic, *Rage
                  | rF+ rC+}
105277 | Pan      | Killed a seraph
105300 | Pan      | Got the Handbook of Captivating Darkness
105354 | Depths:1 | Escaped Pandemonium
105752 | Tar:7    | Cast into level 3 of the Abyss (profane servitor)
105756 | Abyss:3  | Found a corrupted altar of Lugonu.
105791 | Tar:7    | Escaped the Abyss
105965 | Tar:7    | Killed Ereshkigal
105975 | Tar:7    | Identified the +8 flail "Nyimpomi" {holy, Str+2}
105981 | Tar:7    | Got a bone rune of Zot
105985 | Tar:7    | Identified the +5 dagger "Zioski Soank" {vorpal, Contam rN+
                  | Int+5 Dex+2 SInv}
106152 | Hell     | Learned a level 9 spell: Dragon's Call
106168 | Geh:1    | Entered Level 1 of Gehenna
106988 | Geh:7    | Entered Level 7 of Gehenna
107102 | Geh:7    | Lost mutation: You are mostly covered in iridescent scales.
                  | (AC +4) [Jiyva's grace]
107102 | Geh:7    | Lost mutation: Your muscles are very strong. (Str +4)
                  | [Jiyva's grace]
107102 | Geh:7    | Lost mutation: Your spells are harder to cast, but more
                  | powerful. [Jiyva's grace]
107102 | Geh:7    | Gained mutation: Your muscles are very strong. (Str +4)
                  | [Jiyva's grace]
107102 | Geh:7    | Gained mutation: Your skin changes colour to match your
                  | surroundings (Stealth+). [Jiyva's grace]
107102 | Geh:7    | Gained mutation: Your skin blends seamlessly with your
                  | surroundings (Stealth++). [Jiyva's grace]
107102 | Geh:7    | Gained mutation: Your skin perfectly mimics your
                  | surroundings (Stealth+++). [Jiyva's grace]
107381 | Geh:7    | Noticed the Serpent of Hell
107401 | Geh:7    | Killed the Serpent of Hell
107764 | Geh:7    | Found the +7 sceptre of Asmodeus
107764 | Geh:7    | Noticed Asmodeus
107777 | Geh:7    | Identified the amulet "Rausk" {Faith rPois rC++ Str-3
                  | Int+4}
107801 | Geh:7    | Killed Asmodeus
107830 | Geh:7    | Identified the amulet "Vossekh" {Contam rN+ Regen+ Int+3}
107836 | Geh:7    | Got an obsidian rune of Zot
107842 | Geh:7    | Identified the +6 quick blade of the Many Ziggurats {vamp,
                  | rC- Will++ Dex+5}
107845 | Geh:7    | Identified the +0 crystal plate armour "Tashurir" {rN+
                  | Will+ Int-4}
107892 | Geh:7    | Got Ifazur's Compendium of Creative Enchantment
107919 | Geh:7    | Reached skill level 27 in Staves
108200 | Dis:1    | Entered Level 1 of the Iron City of Dis
108492 | Dis:3    | HP: 7/236 [war gargoyle/+0 lajatang (28)]
108511 | Dis:3    | Gained mutation: You are occasionally teleported next to
                  | monsters. [mutagenic glow]
108758 | Pan      | Entered Pandemonium
108867 | Pan      | Noticed Dayroli the pandemonium lord
108873 | Pan      | Killed Dayroli the pandemonium lord
109073 | Pan      | Lost mutation: You are partially covered in iridescent
                  | scales. (AC +2) [Jiyva's grace]
109073 | Pan      | Lost mutation: Your skin perfectly mimics your surroundings
                  | (Stealth+++). [Jiyva's grace]
109073 | Pan      | Lost mutation: You possess an exceptional clarity of mind.
                  | [Jiyva's grace]
109073 | Pan      | Lost mutation: You are strong-willed. (Will+) [Jiyva's
                  | grace]
109073 | Pan      | Lost mutation: Your natural rate of healing is unusually
                  | fast. [Jiyva's grace]
109073 | Pan      | Lost mutation: You are extremely robust. (+30% HP) [Jiyva's
                  | grace]
109073 | Pan      | Lost mutation: You are very robust. (+20% HP) [Jiyva's
                  | grace]
109073 | Pan      | Lost mutation: Your muscles are very strong. (Str +4)
                  | [Jiyva's grace]
109073 | Pan      | Lost mutation: You are occasionally teleported next to
                  | monsters. [Jiyva's grace]
109073 | Pan      | Lost mutation: You have a small jelly attached to you that
                  | may absorb projectiles. [Jiyva's grace]
109073 | Pan      | Gained mutation: Your muscles are very strong. (Str +4)
                  | [Jiyva's grace]
109073 | Pan      | Gained mutation: Your flesh is heat resistant. (rF+)
                  | [Jiyva's grace]
109073 | Pan      | Gained mutation: Your flesh is very heat resistant. (rF++)
                  | [Jiyva's grace]
109073 | Pan      | Gained mutation: Your flesh is almost immune to the effects
                  | of heat. (rF+++) [Jiyva's grace]
109172 | Pan      | Noticed Efeitrud the pandemonium lord
109194 | Pan      | Killed Efeitrud the pandemonium lord
109596 | Pan      | Found an exit through the horrors of the Abyss.
109654 | Pan      | Noticed Woil the pandemonium lord
109673 | Pan      | Killed Woil the pandemonium lord
109833 | Pan      | Identified the +11 battleaxe of Ruination {flame, Int+4
                  | Dex+2}
110977 | Pan      | Lost mutation: Your skin blends seamlessly with your
                  | surroundings (Stealth++). [Jiyva's grace]
110977 | Pan      | Lost mutation: You are robust. (+10% HP) [Jiyva's grace]
110977 | Pan      | Gained mutation: Armour fits poorly on your pseudopods.
                  | [Jiyva's grace]
110977 | Pan      | Gained mutation: Armour fits poorly on your large
                  | pseudopods. [Jiyva's grace]
110977 | Pan      | Gained mutation: Armour fits poorly on your massive
                  | pseudopods. [Jiyva's grace]
110977 | Pan      | Gained mutation: You are strong-willed. (Will+) [Jiyva's
                  | grace]
111105 | Pan      | Found an exit through the horrors of the Abyss.
111230 | Pan      | Noticed Doupn the pandemonium lord
111240 | Pan      | Killed Doupn the pandemonium lord
111263 | Pan      | Noticed Ignacio
111280 | Pan      | Killed Ignacio
111363 | Pan      | Noticed Lidduide the pandemonium lord
111375 | Pan      | Killed Lidduide the pandemonium lord
111528 | Pan      | Found an exit through the horrors of the Abyss.
111809 | Pan      | Noticed Igiytozu the pandemonium lord
111827 | Pan      | Killed Igiytozu the pandemonium lord
111865 | Pan      | Found an exit through the horrors of the Abyss.
111887 | Pan      | Identified the +2 chain mail of the Sky {rC+ rN+ Int-5
                  | Dex+5}
111917 | Pan      | Acquired the +11 crystal plate armour "Qesch" {*Corrode
                  | rPois Will+++ Dex-2}
112109 | Depths:4 | Escaped Pandemonium
112291 | Depths:1 | Bought a bloodstained fustibalus for 820 gold pieces
112291 | Depths:1 | Identified the +9 fustibalus of the Solstice {flame, MP+9}
                  | (You bought it in a shop on level 1 of the Depths)
112558 | Vaults:4 | Bought 2 potions of curing for 108 gold pieces
112558 | Vaults:4 | Bought a potion of mutation for 144 gold pieces
112558 | Vaults:4 | Bought a potion of haste for 180 gold pieces
112558 | Vaults:4 | Bought a potion of haste for 180 gold pieces
112558 | Vaults:4 | Bought a potion of mutation for 144 gold pieces
112558 | Vaults:4 | Bought a potion of curing for 54 gold pieces
112558 | Vaults:4 | Bought a potion of resistance for 180 gold pieces
112821 | Depths:1 | Bought 2 potions of invisibility for 304 gold pieces
112903 | Coc:1    | Entered Level 1 of Cocytus
113061 | Coc:2    | Paralysed by a wendigo for 1 turns
113070 | Coc:2    | Paralysed by a wendigo for 1 turns
113086 | Coc:2    | You fall into a shaft and drop 2 floors!
113195 | Coc:5    | Noticed a dread lich
113213 | Coc:5    | Killed a dread lich
113426 | Coc:6    | Noticed an ancient lich
113440 | Coc:6    | Killed an ancient lich
113534 | Coc:7    | Entered Level 7 of Cocytus
113537 | Coc:7    | Paralysed by a wendigo for 1 turns
113880 | Coc:7    | Paralysed by a wendigo for 1 turns
113885 | Coc:7    | Paralysed by a wendigo for 1 turns
113909 | Coc:7    | Paralysed by a wendigo for 1 turns
113960 | Coc:7    | Reached skill level 27 in Unarmed Combat
114000 | Coc:7    | Paralysed by a wendigo for 1 turns
114249 | Coc:7    | Paralysed by a wendigo for 1 turns
114453 | Coc:7    | Noticed Antaeus
114477 | Coc:7    | Killed Antaeus
114491 | Coc:7    | Found the +4 moon troll leather armour {Spirit, Regen++
                  | MP+5}
114548 | Coc:7    | Identified the ring "Ydeot" {rCorr MP-9 Str+2 Stlth+}
114552 | Coc:7    | Identified the +6 hunting sling of Shame {vorpal, rPois
                  | Will+ Dex-4}
114647 | Coc:7    | Got an icy rune of Zot
114651 | Coc:7    | Identified the +2 leather armour of Ririg {Int+2}
114912 | Pan      | Entered Pandemonium
115025 | Pan      | Gained mutation: You are dopey. (Int -2) [a cacodemon]
115037 | Pan      | Noticed Quode the pandemonium lord
115044 | Pan      | Reached skill level 27 in Invocations
115079 | Pan      | Killed Quode the pandemonium lord
115084 | Pan      | Acquired 744 gold pieces
115113 | Pan      | Found a runed translucent door.
115121 | Pan      | Gained mutation: You are very dopey. (Int -4) [a neqoxec]
115209 | Pan      | Found an exit through the horrors of the Abyss.
115568 | Pan      | Noticed Ystreunae the pandemonium lord
115580 | Pan      | Killed Ystreunae the pandemonium lord
115789 | Pan      | Lost mutation: You are agile. (Dex +2) [Jiyva's grace]
115789 | Pan      | Lost mutation: Your flesh is cold resistant. (rC+) [Jiyva's
                  | grace]
115789 | Pan      | Lost mutation: Your flesh is almost immune to the effects
                  | of heat. (rF+++) [Jiyva's grace]
115789 | Pan      | Lost mutation: Armour fits poorly on your massive
                  | pseudopods. [Jiyva's grace]
115789 | Pan      | Gained mutation: You are agile. (Dex +2) [Jiyva's grace]
115789 | Pan      | Gained mutation: You are very agile. (Dex +4) [Jiyva's
                  | grace]
115789 | Pan      | Gained mutation: Your spells are harder to cast, but more
                  | powerful. [Jiyva's grace]
115789 | Pan      | Gained mutation: Your spells are much harder to cast, but
                  | much more powerful. [Jiyva's grace]
116300 | Pan      | Found an exit through the horrors of the Abyss.
116312 | Pan      | Noticed Hyinesock the pandemonium lord
116338 | Pan      | Killed Hyinesock the pandemonium lord
117007 | Pan      | Found an exit through the horrors of the Abyss.
117367 | Pan      | Noticed Archaun the pandemonium lord
117583 | Pan      | Killed Archaun the pandemonium lord
117897 | Pan      | Noticed Idynginu the pandemonium lord
117915 | Pan      | Killed Idynginu the pandemonium lord
118020 | Pan      | Found an exit through the horrors of the Abyss.
118223 | Pan      | Noticed Luipsot the pandemonium lord
118249 | Pan      | HP: 8/202 [hellion/damnation (26)]
118249 | Pan      | Killed from afar by a hellion

Illustrated notes

Levels and vault maps discovered:
D:1:      lemuel_arrival_river_ford, layout_basic,
          hellmonk_ecumenical_altar_heavens_door,
          nicolae_concentric_dashed_squares_mild
D:2:      layout_basic, basic_altar, uniq_terence, uniq_natasha
D:3:      layout_basic, nicolae_ru_awakened_eye, serial_shops,
          nicolae_shop_behind_doors
D:4:      layout_rooms, lemuel_doored_altar
D:5:      minmay_evil_eye, layout_basic, minmay_temple_entry_antechambers,
          nrook_mini_backslash, minmay_strange_pillars
D:6:      layout_basic, okawaru_altar_gauntlet_db,
          nicolae_overflow_hidden_temple, serial_shops,
          nicolae_shop_hallway_stairs, minmay_stone_trees_small, uniq_menkaure
D:7:      layout_rooms, lightli_temple_of_fire, lemuel_coloured_pillars_altar,
          makhleb_blood_cavern_becter, nicolae_ossuary_entry_monument
D:8:      gammafunk_wand_slinger, layout_loops_ring, grunt_gozag_breadcrumbs,
          lemuel_crystal_altar, minmay_lair_entry_grove
D:9:      layout_long_grid, nicolae_ashenzari_skybound, kennysheep_little_box,
          mainiacjoe_overflow_alcove_2
D:10:     layout_long_grid, serial_shops, shop, kennysheep_small_circle
D:11:     layout_loops_corners, david_orc_2,
          ploomutoo_gammafunk_ghost_potion_laboratory, minmay_strange_pillars,
          uniq_josephine
D:12:     layout_basic, minmay_beelzebubs_servants
D:13:     layout_basic, trog_butcher_becter
D:14:     layout_small_grid, lightli_vaults_fourway_checkpoint,
          portal_ice_cave_entry_pillars_three, serial_shops,
          nicolae_shop_crystal
D:15:     grunt_enter_depths_giant_problem, layout_basic,
          nicolae_trove_entry_columns, minivault_12
Temple:   nicolae_temple_figure_zero
Lair:1:   layout_regular_city, nicolae_volcano_entry_s_turn, serial_bayou,
          serial_bayou_crossing, serial_bayou_shore_b, serial_bayou_pond_a,
          serial_bayou_lagoon_a, serial_bayou_lake_a, serial_bayou_pond_d,
          serial_bayou_pond_e, uniq_urug
Lair:2:   layout_cave_pods, spider_nest_entry_web_field,
          infiniplex_staircase_pool_2, uniq_prince_ribbit2
Lair:3:   layout_misc_corridors
Lair:4:   layout_regular_city, swamp_mist, st_stairs_11, nzn_random_ring
Lair:5:   layout_misc_corridors, minmay_slime_entry_oklob_enclosed,
          nzn_sisyphean_effort, lemuel_fruit_tree
Lair:6:   hangedman_lair_caniforms_friends, layout_regular_city,
          guppyfry_lair_end_dragon, gauntlet_entry_generic,
          serial_bayou_shore_a, infiniplex_staircase_pool, uniq_snorg
Swamp:1:  layout_basic_swamp, serial_swamp_ruin, evilmike_swamp_ruin_rubble_1,
          evilmike_swamp_ruin_house_1, evilmike_swamp_ruin_house_5, swamp_pool1
Swamp:2:  layout_falls_marsh, basic_altar, swamp_pool2,
          nicolae_swamp_soggy_hallways, uniq_jorgrun
Swamp:3:  layout_basic_swamp, basic_altar
Swamp:4:  byrel_swamp_growth_death_and_undeath, layout_basic_swamp
Spider:1: layout_chambers, uniq_donald
Spider:2: layout_spider_delve, nicolae_orb_island, nicolae_spider_cling_halls
Spider:3: nicolae_spider_hilbert_zone_6 [nicolae_spider_hilbert_4_sides_1_open,
          nicolae_spider_hilbert_4_sides_1_open,
          nicolae_spider_hilbert_4_sides_1_open,
          nicolae_spider_hilbert_4_sides_1_open,
          nicolae_spider_hilbert_4_sides_1_open,
          nicolae_spider_hilbert_4_sides_1_open,
          nicolae_spider_hilbert_4_sides_1_open], uniq_kirke
Spider:4: spider_rune_water, nicolae_spider_undead_wolf_pack
Slime:1:  layout_caves, cheibrodos_slime_lost_civilization_4
Slime:2:  layout_caves, nicolae_slime_welcoming_committee, uniq_dissolution
Slime:3:  layout_caves, cheibrodos_slime_lost_civilization_7
Slime:4:  layout_caves
Slime:5
Orc:1:    layout_diamond_mine, basic_altar, uniq_harold
Orc:2:    st_orc_open, layout_caves, basic_altar, nicolae_orc_flooded_monolith,
          minmay_orc_keep
Elf:1:    eino_elf_arrival_customs, layout_geoelf_octagon, evilmike_minifort,
          grunt_ministairs_9, uniq_zenata, uniq_agnes
Elf:2:    nicolae_elf_blades_crystal_corner, layout_loops_cross,
          serial_sigils_hangedman_confine, nicolae_elevator_lobby_plus
Elf:3:    elf_hall, layout_geoelf_grid, ebering_ghost_rock_garden, serial_shops,
          nicolae_shop_waterfront, nicolae_diamond_shop, nicolae_shop_trees,
          uniq_asterion
Vaults:1: door_vault, nicolae_vaults_stairing_the_circle,
          nicolae_vaults_network_barrier, v_rooms_5, ontoclasm_vaults_tryst,
          nicolae_vaults_network_square, hangedman_vaults_stretched_pinwheel,
          layout_vaults_quadrants, serial_shops, nicolae_diamond_shop,
          uniq_aizul
Vaults:2: vaults_room_pools, nicolae_vaults_little_squares_6,
          minmay_crypt_entry_simple_plaza, ontoclasm_vaults_ligature,
          ontoclasm_vaults_twist, nicolae_vaults_specimen_jars, v_pattern_5,
          v_misc_19, hangedman_vaults_hard_town_square, grunt_vaults_twisty,
          nicolae_vaults_three_branches, ontoclasm_vaults_ring_small, v_misc_13,
          nicolae_vaults_ring_of_whatevers, layout_vaults_omnicross,
          uniq_margery
Vaults:3: hangedman_vaults_locks, grunt_vaults_funnel, ontoclasm_vaults_gateway,
          ontoclasm_vaults_claustrophobia, vaults_room_stairs_pillars,
          nicolae_vaults_angled_halls, ontoclasm_vaults_ring_square, v_rooms_4,
          layout_vaults_chaotic_city, serial_shops, shop
Vaults:4: nicolae_vaults_what_the_h, v_misc_8, nicolae_vaults_rhombus_7,
          v_misc_29, nicolae_vaults_quadrants, vaults_room_door_ring,
          hangedman_vaults_corner, v_misc_2, nicolae_vaults_back_hallway,
          vaults_room_octagon, v_misc_29, hangedman_vaults_corner_blocks,
          v_misc_11, layout_vaults_omnibox, serial_shops, shop,
          nicolae_shop_statue_plus, nicolae_diamond_shop
Vaults:5
Crypt:1:  layout_rooms, corner_web_ring, grunt_megastairs_3,
          grunt_crypt_arrival_split, lemuel_upstairs_altar
Crypt:2:  layout_chaotic_city, uniq_boris, uniq_jory
Crypt:3:  due_elkab, layout_chaotic_city, grunt_ministairs_6
Tomb:1
Depths:1: layout_roguey, serial_shops, nicolae_shop_behind_doors,
          grunt_dithmenos_smoke, rand_demon_pan_entry_4, hell_entry,
          hellmonk_scale_shop, minmay_shoptagon, grunt_megastairs_4
Depths:2: thingy_vault, layout_cave_pools, enter_ziggurat_c,
          hangedman_coc_ice_floe, pdpol_wu_jian_five_deadly_venoms, pan_entry,
          hangedman_abyss_entry_splay, uniq_josephina
Depths:3: hangedman_slaughterboxes, abyss_entry, hell_entry
Depths:4: evilmike_zot_entry_diamond, layout_cave_pools,
          serial_sigils_hangedman_scar, hell_entry, rand_demon_pan_entry_9,
          serial_nicolae_subway, nicolae_sub_station_stone,
          nicolae_sub_station_metal, nicolae_sub_station_crystal, uniq_xtahua,
          uniq_enchantress
Hell
Dis:1:    layout_jigsaw, evilmike_ambush [evilmike_ambush_outer_pillars,
          evilmike_ambush_inner_basic]
Dis:2:    layout_jigsaw
Dis:3:    lightli_tower_of_babel
Geh:1:    layout_gehenna_pools_triple
Geh:2:    nicolae_geh_erupted_tower, layout_gehenna_pools_box
Geh:3:    layout_gehenna_pools_triple
Geh:4:    layout_gehenna_pools_basic
Geh:5:    nicolae_geh_i_lava_good_maze [nicolae_geh_lavamaze_orthhalf_recurse,
          nicolae_geh_lavamaze_orthhalf_field]
Geh:6:    layout_gehenna_pools_box
Geh:7:    geh_mu
Coc:1:    layout_cocytus_delve
Coc:2:    layout_cocytus_delve
Coc:4:    layout_cocytus_delve
Coc:5:    layout_ice_bergs
Coc:6:    layout_ice_bergs
Coc:7:    coc_grunt_cove [coc_grunt_cove_antaeus, coc_grunt_cove_fiend,
          coc_grunt_cove_fiend, coc_grunt_cove_fiend, coc_grunt_cove_fiend]
Tar:1:    layout_grid_maze
Tar:2:    layout_grid_maze, nicolae_hells_fiendish_ambush
Tar:3:    layout_catacombs
Tar:4:    layout_honeycomb, nicolae_tar_windowcombs
Tar:5:    layout_grid_maze
Tar:6:    layout_cathedral_of_symmetry, nicolae_tar_cuneiform_water,
          nicolae_tar_just_some_guys
Tar:7:    tar_minmay_river
Zot:1:    layout_twisted_circle
Zot:2:    layout_twisted_circle
Zot:3:    layout_twisted_circle
Zot:4:    layout_gridlike, uniq_tiamat
Pan:      nicolae_pan_diamonds, layout_grid_shapes, nicolae_pan_sigil_itan,
          rand_demon_9, layout_cellular_growth, pan_blood_fountain_2,
          evilmike_mini_pan_corner, layout_gridlike, uniq_mennas_pan,
          gloorx_vloq_grunt_torture_chamber, layout_gridlike,
          evilmike_mini_pan_3x3, layout_gridlike, rand_demon_4,
          layout_grid_shapes, cerebov_st, layout_gridville,
          grunt_pan_frozen_over, layout_chambers, evilmike_mini_pan_doors_b,
          layout_stronghold, lemuel_hall_of_pain, layout_grid_shapes,
          grunt_pan_in_and_out, layout_gridlike, evilmike_mini_pan_other_thingy,
          layout_grid_shapes, rand_demon_7, layout_pan_divisions_a
          [pan_division_quadrant_a2, pan_division_quadrant_a4,
          pan_division_quadrant_a5, pan_division_quadrant_a6,
          pan_division_octagon_box], nicolae_pan_lom_lobonic_1, rand_demon_4,
          layout_gridlike, nicolae_pan_gloorx_vloqian_3,
          evilmike_mini_pan_branches, layout_pan_divisions_a
          [pan_division_quadrant_a6, pan_division_quadrant_a1,
          pan_division_quadrant_a6, pan_division_quadrant_a2,
          pan_division_octagon_halves], pan_blood_fountain_small,
          evilmike_mini_pan_corridor, layout_small_grid, grunt_pan_in_and_out,
          layout_rooms, reaverb_pan_figure_eight, lom_lobon, layout_cross,
          nicolae_pan_glass_arcs, layout_basic, evilmike_mnoleg_eyes,
          layout_long_grid, rand_demon_3, layout_gridlike,
          pan_blood_fountain_small, evilmike_holy_pan, rand_demon_8,
          layout_small_grid, pan_surprise, pan_captured_pigsty,
          evilmike_mini_pan_layers, layout_pan_divisions_a
          [pan_division_quadrant_a2, pan_division_quadrant_a2,
          pan_division_quadrant_a1, pan_division_quadrant_a2,
          pan_division_octagon_halves], pan_blood_fountain_small, rand_demon_2,
          layout_chambers, evilmike_mini_pan_other_thingy, layout_small_grid,
          nicolae_pan_double_arrow, layout_basic, uniq_ignacio,
          evilmike_mini_pan_diamond, layout_gridlike, pan_blood_fountain_small,
          rand_demon_9, layout_pan_divisions_b [pan_division_quadrant_b2,
          pan_division_quadrant_b3, pan_division_quadrant_b5,
          pan_division_quadrant_b1], evilmike_mini_pan_thingy,
          layout_grid_shapes, rand_demon_8, layout_cellular_growth,
          evilmike_mini_pan_doors, layout_small_grid, rand_demon_8,
          layout_grid_shapes, nicolae_pan_mnolegish_3, nicolae_pan_sigil_obb,
          regret_index_pan_draining_boxed, layout_grid_shapes

Skill      XL: |  1  2  3  4  5  6  7  8  9 10 11 12 13 14 15 16 17 18 19 20 21 22 23 24 25 26 27 |
---------------+----------------------------------------------------------------------------------+-----
Armour         | 11 12 13 14 15 16 17 18 19 26 | 26.9
Short Blades   | 1 2 3 4 5 6 7 8 9 10 11 12 13 14 15 16 17 25 | 25.4
Long Blades    | 1 2 3 4 5 6 7 8 9 10 11 12 13 14 15 16 17 25 | 25.4
Axes           | 1 2 3 4 5 6 7 8 9 10 11 12 13 14 15 16 17 25 | 25.4
Maces & Flails | 1 2 3 4 5 6 7 8 9 10 11 12 13 14 15 16 17 25 | 25.4
Polearms       | 1 2 3 4 5 6 7 8 9 10 11 12 13 14 15 16 17 25 | 25.4
Slings         | 1 2 3 4 5 6 7 8 9 10 11 12 13 14 15 16 17 25 | 25.4
Bows           | 1 2 3 4 5 6 7 8 9 10 11 12 13 14 15 16 17 25 | 25.4
Crossbows      | 1 2 3 4 5 6 7 8 9 10 11 12 13 14 15 16 17 25 | 25.4
Dodging        | 1 2 3 4 5 6 7 8 9 10 11 12 13 14 15 16 17 25 | 25.4
Stealth        | 1 2 3 4 5 6 7 8 9 10 11 12 13 14 15 16 17 25 | 25.4
Shields        | 1 2 3 4 5 6 7 8 9 10 11 12 13 14 15 16 17 25 | 25.4
Unarmed Combat | 1 2 3 4 5 6 7 8 9 10 11 12 13 14 15 16 17 27 | 27.0
Spellcasting   | 1 2 3 4 5 6 7 8 9 10 11 12 13 14 15 16 17 25 | 25.4
Invocations    | 1 2 3 4 5 6 7 8 9 10 11 12 13 14 15 16 17 18 27 | 27.0
Evocations     | 1 2 3 4 5 6 7 8 9 10 11 12 13 14 15 16 17 25 | 25.4
Conjurations   | 1 2 3 4 5 6 7 8 9 10 11 12 13 14 21 | 21.8
Hexes          | 1 2 3 4 5 6 7 8 9 10 11 12 13 14 21 | 21.8
Summonings     | 1 2 3 4 5 6 7 8 9 10 11 12 13 14 21 | 21.8
Necromancy     | 1 2 3 4 5 6 7 8 9 10 11 12 13 14 21 | 21.8
Translocations | 1 2 3 4 5 6 7 8 9 10 11 12 13 14 21 | 21.8
Transmutations | 1 2 3 4 5 6 7 8 9 10 11 12 13 14 21 | 21.8
Fire Magic     | 1 2 3 4 5 6 7 8 9 10 11 12 13 14 21 | 21.8
Ice Magic      | 1 2 3 4 5 6 7 8 9 10 11 12 13 14 21 | 21.8
Air Magic      | 1 2 3 4 5 6 7 8 9 10 11 12 13 14 21 | 21.8
Earth Magic    | 1 2 3 4 5 6 7 8 9 10 11 12 13 14 21 | 21.8
Poison Magic   | 1 2 3 4 5 6 7 8 9 10 11 12 13 14 21 | 21.8
Fighting       | 3 4 5 6 7 8 9 10 11 12 13 14 15 16 17 25 | 25.5
Throwing       | 3 4 5 6 7 8 9 10 11 12 13 14 15 16 17 25 | 25.5
Staves         | 7 8 9 10 11 12 13 14 15 16 17 18 27 | 27.0

Action                   |  1- 3 |  4- 6 |  7- 9 | 10-12 | 13-15 | 16-18 | 19-21 | 22-24 | 25-27 || total
-------------------------+-------+-------+-------+-------+-------+-------+-------+-------+-------++-------
Melee: Quarterstaff      |    72 |   172 |   289 |    51 |       |       |       |       |       ||   584
       Bite              |     6 |    15 |    27 |    48 |   201 |   306 |   256 |   368 |  1627 ||  2854
       Battleaxe         |       |       |       |   202 |       |       |       |       |       ||   202
       Short sword       |       |       |       |   131 |    64 |       |       |       |       ||   195
       Demon trident     |       |       |       |       |  1363 |  1930 |  1219 |  1814 |  6606 || 12932
       Dagger            |       |       |       |       |       |       |   423 |       |    64 ||   487
       Unarmed           |       |       |       |       |       |       |    10 |       |    11 ||    21
       Flail             |       |       |       |       |       |       |       |       |  2147 ||  2147
       Pseudopods        |       |       |       |       |       |       |       |       |   201 ||   201
       Headbutt          |       |       |       |       |       |       |       |       |   153 ||   153
       Trishula          |       |       |       |       |       |       |       |       |    19 ||    19
 Fire: Fustibalus        |       |       |       |       |       |       |       |       |   407 ||   407
Throw: Dart              |       |       |     5 |    14 |    16 |     2 |       |       |       ||    37
       Javelin           |       |       |     4 |    18 |     2 |       |       |     3 |    21 ||    48
       Throwing net      |       |       |       |       |       |       |       |       |     3 ||     3
 Cast: Frozen Ramparts   |       |       |       |     2 |       |       |       |       |     5 ||     7
       Mephitic Cloud    |       |       |       |       |    32 |   118 |    29 |    64 |    53 ||   296
       Freezing Cloud    |       |       |       |       |       |   113 |   191 |   190 |   458 ||   952
       Borgnjor's Vile C |       |       |       |       |       |       |       |    24 |    77 ||   101
       Ozocubu's Armour  |       |       |       |       |       |       |       |     8 |    34 ||    42
       Ignite Poison     |       |       |       |       |       |       |       |     3 |     6 ||     9
       Enfeeble          |       |       |       |       |       |       |       |       |    65 ||    65
       Infestation       |       |       |       |       |       |       |       |       |   496 ||   496
       Necromutation     |       |       |       |       |       |       |       |       |   220 ||   220
       Ignition          |       |       |       |       |       |       |       |       |   125 ||   125
       Ozocubu's Refrige |       |       |       |       |       |       |       |       |   101 ||   101
       Spellforged Servi |       |       |       |       |       |       |       |       |    59 ||    59
       Orb of Destructio |       |       |       |       |       |       |       |       |    54 ||    54
       Starburst         |       |       |       |       |       |       |       |       |    39 ||    39
       Dragon's Call     |       |       |       |       |       |       |       |       |    25 ||    25
       Borgnjor's Revivi |       |       |       |       |       |       |       |       |     3 ||     3
       Passwall          |       |       |       |       |       |       |       |       |     1 ||     1
       Yara's Violent Un |       |       |       |       |       |       |       |       |     1 ||     1
Invok: Upheaval          |       |       |     2 |     1 |       |       |       |       |       ||     3
       Elemental Force   |       |       |       |     2 |     3 |     1 |     3 |     1 |       ||    10
       Disaster Area     |       |       |       |     1 |     3 |       |       |       |       ||     4
       Oozemancy         |       |       |       |       |       |       |       |       |     4 ||     4
       Slimify           |       |       |       |       |       |       |       |       |     1 ||     1
 Abil: Evoke Invisibilit |       |       |       |       |       |       |       |     2 |     6 ||     8
       End Transformatio |       |       |       |       |       |       |       |       |     2 ||     2
       Evoke Blink       |       |       |       |       |       |       |       |       |     1 ||     1
Evoke: Wand              |       |       |    11 |    20 |     7 |    42 |     6 |     2 |    40 ||   128
       Condenser vane    |       |       |       |       |     3 |     2 |     4 |       |    23 ||    32
       Phial of floods   |       |       |       |       |     2 |     2 |     2 |     3 |     3 ||    12
       Phantom mirror    |       |       |       |       |     1 |     2 |       |     2 |    38 ||    43
       Tin of tremorston |       |       |       |       |       |       |     2 |     3 |    19 ||    24
       Box of beasts     |       |       |       |       |       |       |       |     3 |    41 ||    44
       Lightning rod     |       |       |       |       |       |       |       |     4 |    28 ||    32
       Horn of Geryon    |       |       |       |       |       |       |       |       |    25 ||    25
  Use: Potion            |       |     1 |     7 |    21 |     5 |     2 |    13 |     7 |    75 ||   131
       Scroll            |       |       |     9 |     9 |    13 |     4 |     6 |     7 |    72 ||   120
 Stab: Paralysed         |       |       |       |     5 |     5 |       |       |       |       ||    10
       Confused          |       |       |       |     1 |    28 |    74 |    14 |    53 |    27 ||   197
       Invisible         |       |       |       |       |     4 |       |     4 |     5 |    18 ||    31
       Distracted        |       |       |       |       |     1 |       |       |     1 |   190 ||   192
       Sleeping          |       |       |       |       |       |       |       |       |    66 ||    66
Armor: Chain mail        |    49 |   103 |   155 |   246 |    21 |       |       |       |       ||   574
       Leather armour    |       |       |       |       |   293 |       |       |       |       ||   293
       Scale mail        |       |       |       |       |    44 |   874 |   463 |   289 |       ||  1670
       Ring mail         |       |       |       |       |       |       |    93 |    88 |       ||   181
       Acid dragon scale |       |       |       |       |       |       |       |     5 |  3133 ||  3138
Dodge: Dodged            |    19 |    44 |   104 |   141 |   499 |   835 |   545 |   551 |  4350 ||  7088
       Repelled          |       |       |     1 |     1 |    14 |    23 |     8 |    10 |    18 ||    75
Block: Other             |     4 |    18 |    46 |    68 |       |       |     4 |       |       ||   140
       Buckler           |       |       |       |   116 |   993 |  1677 |  1123 |  1042 |   779 ||  5730
       Reflection        |       |       |       |    19 |    49 |    69 |    85 |   121 |    59 ||   402
       Kite shield       |       |       |       |       |       |       |       |       |  5165 ||  5165

Table legend: (Time is in decaauts)
 A = Elapsed time spent in this place.
 B = Non-inter-level travel time spent in this place.
 C = Inter-level travel time spent in this place.
 D = Time resting spent in this place.
 E = Time spent auto-exploring this place.
 F = Levels seen in this place.
 G = Mean time per level.
                   A        B        C        D        E       F      G
               +--------+--------+--------+--------+--------+-----+--------+
         Total | 113889 |  97077 |  16812 |  10217 |  48658 | 126 |  903.9 |
       Dungeon |  22279 |  17722 |   4557 |   2028 |  12287 |  15 | 1485.3 |
        Temple |    122 |    113 |      9 |      0 |    112 |   1 |  122.0 |
          Lair |   6863 |   5718 |   1145 |    243 |   3855 |   6 | 1143.8 |
         Swamp |   3917 |   3618 |    299 |    831 |   1727 |   4 |  979.2 |
   Spider Nest |   5800 |   5521 |    279 |    590 |   3584 |   4 | 1450.0 |
    Slime Pits |   2558 |   2140 |    418 |    189 |   1334 |   5 |  511.6 |
  Orcish Mines |   2348 |   1910 |    438 |    648 |    818 |   2 | 1174.0 |
   Elven Halls |   4917 |   4269 |    648 |    277 |   2695 |   3 | 1639.0 |
        Vaults |  10348 |   7529 |   2819 |    456 |   5183 |   5 | 2069.6 |
         Crypt |   3379 |   2736 |    643 |     16 |   1495 |   3 | 1126.3 |
          Tomb |   1074 |    910 |    164 |     50 |    243 |   1 | 1074.0 |
        Depths |   9247 |   5970 |   3277 |   1349 |   2675 |   4 | 2311.8 |
          Hell |    932 |    703 |    229 |    116 |    241 |   1 |  932.0 |
           Dis |    291 |    291 |      0 |      8 |      0 |   3 |   97.0 |
       Gehenna |   1781 |   1350 |    431 |      9 |     29 |   7 |  254.4 |
       Cocytus |   1865 |   1515 |    350 |     90 |    124 |   6 |  310.8 |
      Tartarus |   2562 |   1868 |    694 |      0 |     49 |   7 |  366.0 |
           Zot |   4933 |   4529 |    404 |    592 |   2332 |   4 | 1233.2 |
         Abyss |   1155 |   1155 |      0 |     28 |    183 |   7 |  165.0 |
   Pandemonium |  24327 |  24327 |      0 |   1992 |   8282 |  34 |  715.5 |
         Trove |    123 |    123 |      0 |      0 |     23 |   1 |  123.0 |
       Ossuary |    404 |    404 |      0 |      0 |    303 |   1 |  404.0 |
      Ice Cave |   2345 |   2345 |      0 |    691 |    974 |   1 | 2345.0 |
       Volcano |    309 |    309 |      0 |     11 |    105 |   1 |  309.0 |
               +--------+--------+--------+--------+--------+-----+--------+

Top non-repeatable levels by time:
Depths:3: 3524 daAuts
    D:11: 3359 daAuts
Depths:1: 3285 daAuts
Vaults:1: 2742 daAuts
Vaults:2: 2411 daAuts
   IceCv: 2345 daAuts
Spider:4: 2231 daAuts
    D:15: 2150 daAuts
     D:8: 2135 daAuts
    D:14: 2009 daAuts
   Elf:3: 1969 daAuts
Vaults:4: 1908 daAuts
Vaults:3: 1780 daAuts
    D:13: 1604 daAuts
 Crypt:3: 1564 daAuts
